 Dungeon Crawl Stone Soup version 0.29.1-1-gd02db6906a (webtiles) character file.

Game seed: 17365606217004398607

2043531 sleeves the Grand Master (level 27, 140/140 HPs)
             Began as a Vine Stalker Arcane Marksman on Sept 23, 2022.
             Was a High Priest of Elyvilon.
             Escaped with the Orb
             ... and 4 runes!
             The game lasted 06:17:00 (90720 turns).

sleeves the Grand Master (VSAM)                    Turns: 90720, Time: 06:17:01

Health: 140/140    AC: 38    Str: 26    XL:     27
Magic:  9/47       EV: 13    Int: 22    God:    Elyvilon [*****.]
Gold:   4001       SH: 19    Dex: 20    Spells: 24/43 levels left

rFire   + + +      SeeInvis .     - Unarmed
rCold   + . .      Faith    .   r - +5 kite shield {AC+3}
rNeg    + + .      Spirit   +   N - +9 plate armour {rPois}
rPois   +          Reflect  .   X - +0 hat of Patterns {rC+ Stlth+}
rElec   +          Harm     .   h - +2 cloak {rCorr}
rCorr   +          Rampage  +   p - -1 pair of gloves of Sunlight {rElec rF+ Str+4}
Will    +++..                   K - +2 pair of boots {rampage}
Stlth   ..........              f - amulet "Wecadweclo" {Drain rElec rF++ Regen+}
HPRegen 1.93/turn               t - ring "Kifromoli" {rF+ rN++ MP+9 Str-2 Slay+2}
MPRegen 0.30/turn               V - ring "Qarr" {Fly Str+6 Int+5 Stlth-}

@: flying, studying Summonings
A: fangs 3, regeneration 1, magic shield, antimagic bite, no potion heal 2,
frail 1
0: Orb of Zot
}: 4/15 runes: serpentine, barnacled, slimy, silver
a: Renounce Religion, Purification, Heal Other, Heal Self, Divine Vigour


You escaped.
You worshipped Elyvilon.
Elyvilon was extremely pleased with you.
You visited 12 branches of the dungeon, and saw 56 of its levels.
You also visited: Wizlab.

You collected 11213 gold pieces.
You spent 7212 gold pieces at shops.

Inventory:

Hand Weapons
 a - a +9 vorpal hand crossbow
   (You took it off a yaktaur captain on level 4 of the Depths)
Missiles
 d - 5 throwing nets
Armour
 h - a +2 cloak of preservation (worn)
   (You found it on level 3 of the Crypt)
 l - the +1 chain mail "Zeompyt" {rF+ Will+ Regen+ Int+4}
   (You found it on level 2 of the Depths)

   Int:       It affects your intelligence (+4).
   rF:        It protects you from fire.
   Regen:     It increases your rate of health regeneration.
   Will:      It increases your willpower.
 p - the -1 pair of gloves of Sunlight (worn) {rElec rF+ Str+4}
   (You bought it in a shop on level 1 of the Snake Pit)

   Str:       It affects your strength (+4).
   rF:        It protects you from fire.
   rElec:     It insulates you from electricity.
 r - a +5 kite shield of protection (worn)
   (You took it off a vault guard on level 4 of the Vaults)
 x - the +3 Mad Mage's Maulers {Infuse+∞ RegenMP Int-3}
   (You found it on level 4 of the Depths)

   It empowers its wearer's blows with all of their magic.
   It causes its wearer's magical reserves to regenerate more quickly.
   Int:       It affects your intelligence (-3).
 K - a +2 pair of boots of rampaging (worn)
   (You found it on level 3 of the Elven Halls)
 N - a +9 plate armour of poison resistance (worn)
   (You found it on level 4 of the Shoals)
 X - the +0 hat of Patterns (worn) {rC+ Stlth+}
   (You found it on level 4 of the Shoals)

   rC:        It protects you from cold.
   Stlth:     It makes you more stealthy.
Jewellery
 c - the amulet of the Four Winds {rN+ Will+++ Clar}
   (You found it on level 1 of the Realm of Zot)

   [amulet of nothing]

   rN:        It protects you from negative energy.
   Clar:      It protects you against confusion.
   Will:      It greatly increases your willpower.
 f - the amulet "Wecadweclo" (around neck) {Drain rElec rF++ Regen+}
   (You found it on level 3 of the Snake Pit)

   [amulet of regeneration]

   rF:        It greatly protects you from fire.
   rElec:     It insulates you from electricity.
   Regen:     It increases your rate of health regeneration.
   Drain:     It drains your maximum health when unequipped.
 n - a ring of positive energy
   (You found it on level 3 of the Dungeon)
 t - the ring "Kifromoli" (left hand) {rF+ rN++ MP+9 Str-2 Slay+2}
   (You took it off a deep elf sorcerer on level 3 of the Elven Halls)

   [ring of protection from fire]

   Str:       It affects your strength (-2).
   Slay:      It affects your accuracy & damage with ranged weapons and melee
   (+2).
   rF:        It protects you from fire.
   rN:        It greatly protects you from negative energy.
   MP:        It affects your magic capacity (+9).
 y - the ring "Huptu" {rF+ rC++ rN+}
   (You bought it in a shop on level 1 of the Depths)

   [ring of positive energy]

   rF:        It protects you from fire.
   rC:        It greatly protects you from cold.
   rN:        It protects you from negative energy.
 C - the ring of Isestaeb {rF+ Dex+6}
   (You found it on level 5 of the Vaults)

   [ring of dexterity]

   Dex:       It affects your dexterity (+6).
   rF:        It protects you from fire.
 F - the ring "Boucaske" {Wiz rC+ Will+ Int+4 Stlth+}
   (You found it on level 3 of the Snake Pit)

   [ring of wizardry]

   It improves your spell success rate.
   Int:       It affects your intelligence (+4).
   rC:        It protects you from cold.
   Will:      It increases your willpower.
   Stlth:     It makes you more stealthy.
 L - an amulet of reflection
   (You found it on level 2 of the Snake Pit)
 M - the ring of the Tortoise {AC+8}
   (You took it off a spriggan berserker on level 2 of the Depths)

   [ring of protection]

   AC:        It affects your AC (+8).
 S - the ring of Ephemeral Luck {rPois rF+ Str+3}
   (You bought it in a shop on level 1 of the Depths)

   [ring of protection from fire]

   Str:       It affects your strength (+3).
   rF:        It protects you from fire.
   rPois:     It protects you from poison.
 V - the ring "Qarr" (right hand) {Fly Str+6 Int+5 Stlth-}
   (You found it on level 1 of the Shoals)

   [ring of strength]

   Str:       It affects your strength (+6).
   Int:       It affects your intelligence (+5).
   Fly:       It grants you flight.
   Stlth:     It makes you less stealthy.
Wands
 A - a wand of iceblast (39)
   (You found it on level 5 of the Dungeon)
 D - a wand of acid (23)
   (You took it off Ijyb on level 3 of the Dungeon)
 W - a wand of digging (20)
   (You found it on level 14 of the Dungeon)
Scrolls
 b - 7 scrolls of poison
 e - 7 scrolls of fear
 i - 2 scrolls of brand weapon
 k - 20 scrolls of teleportation
 o - 4 scrolls of noise
 q - 8 scrolls of vulnerability
 E - 10 scrolls of amnesia
 G - 13 scrolls of immolation
 H - 5 scrolls of blinking
 I - 3 scrolls of butterflies
 Q - 7 scrolls of enchant weapon
Potions
 g - 3 potions of resistance
 j - 8 potions of ambrosia
 u - 3 potions of mutation
 v - 26 potions of curing
 w - 5 potions of flight
 z - 8 potions of lignification
 B - a potion of haste
 J - 4 potions of invisibility
 O - 2 potions of cancellation
 P - 2 potions of berserk rage
 R - 10 potions of brilliance
 Z - 7 potions of magic
Miscellaneous
 T - a phantom mirror
   (You found it on level 1 of the Lair of Beasts)


   Skills:
 - Level 20.1 Fighting
 - Level 16.0 Ranged Weapons
 + Level 17.7 Armour
 - Level 10.0 Dodging
 - Level 15.0 Shields
 O Level 27 Unarmed Combat
 - Level 8.6 Spellcasting
 - Level 3.0 Hexes
 - Level 15.0 Translocations
 - Level 20.0 Invocations


You had 24 spell levels left.
You knew the following spells:

 Your Spells              Type           Power      Damage    Failure   Level
a - Slow                  Hex            88%        N/A       22%         1
b - Beastly Appendage     Tmut           18%        N/A       58%         1
c - Passage of Golubria   Tloc           66%        N/A       1%          4
d - Lesser Beckoning      Tloc           66%        N/A       1%          3
e - Portal Projectile     Hex/Tloc       98%        N/A       5%          3
f - Blink                 Tloc           100%       N/A       1%          2
g - Manifold Assault      Tloc           66%        N/A       4%          5

Your spell library contained the following spells:

 Spells                   Type           Power      Damage    Failure   Level
 Apportation              Tloc           100%       N/A       1%          1
 Gell's Gravitas          Tloc           66%        N/A       1%          3
 Teleport Other           Tloc           66%        N/A       1%          3
 Ensorcelled Hibernation  Hex/Ice        32%        N/A       52%         2
 Tukima's Dance           Hex            22%        N/A       54%         3
 Freeze                   Ice            36%        1d6       58%         1
 Necrotise                Necr           36%        1d5       58%         1
 Summon Small Mammal      Summ           36%        N/A       58%         1
 Passwall                 Tmut/Erth      7%         N/A       73%         2
 Poisonous Vapours        Pois/Air       18%        N/A       73%         2
 Static Discharge         Conj/Air       9%         3-5/arc   73%         2
 Sublimation of Blood     Necr           9%         N/A       73%         2
 Wereblood                Tmut           9%         N/A       73%         2
 Dazzling Flash           Conj/Hex       32%        N/A       75%         3
 Inner Flame              Hex/Fire       16%        N/A       75%         3
 Summon Guardian Golem    Hex/Summ       16%        N/A       75%         3
 Call Canine Familiar     Summ           9%         N/A       91%         3
 Conjure Flame            Conj/Fire      9%         6-21      91%         3
 Frozen Ramparts          Ice            18%        1d3       91%         3
 Ignite Poison            Fire/Tmut/Pois 9%         N/A       91%         3
 Mephitic Cloud           Conj/Pois/Air  9%         N/A       91%         3
 Spider Form              Tmut/Pois      9%         N/A       91%         3
 Stone Arrow              Conj/Erth      18%        3d8       91%         3
 Swiftness                Air            9%         N/A       91%         3
 Cause Fear               Hex            11%        N/A       91%         4
 Leda's Liquefaction      Hex/Erth       8%         N/A       98%         4
 Airstrike                Air            4%         2d(1-17)  100%        4
 Animate Armour           Summ/Erth      18%        N/A       100%        4
 Corpse Rot               Necr/Pois/Air  9%         N/A       100%        4
 Hailstorm                Conj/Ice       9%         3d4       100%        4
 Olgreb's Toxic Radiance  Pois           9%         N/A       100%        4
 Sticky Flame             Conj/Fire      9%         2d3       100%        4
 Summon Lightning Spire   Summ/Air       9%         N/A       100%        4
 Agony                    Necr           9%         N/A       100%        5
 Blade Hands              Tmut           4%         N/A       100%        5
 Fireball                 Conj/Fire      4%         3d4       100%        5
 Freezing Cloud           Conj/Ice/Air   4%         6-21      100%        5
 Irradiate                Conj/Tmut      4%         3d13      100%        5
 Iskenderun's Battlesphe  Conj           9%         2d6       100%        5
 Lee's Rapid Deconstruct  Erth           4%         3d6*      100%        5
 Lightning Bolt           Conj/Air       4%         1d16      100%        5
 Silence                  Hex/Air        8%         N/A       100%        5
 Yara's Violent Unravell  Hex/Tmut       8%         3d5       100%        5
 Iron Shot                Conj/Erth      4%         9d2       100%        6
 Simulacrum               Ice/Necr       4%         N/A       100%        6
 Starburst                Conj/Fire      4%         6d4       100%        6
 Statue Form              Tmut/Erth      6%         N/A       100%        6
 Dragon Form              Tmut           4%         N/A       100%        7
 Orb of Destruction       Conj           4%         9d5       100%        7
 Ozocubu's Refrigeration  Ice            4%         4d8       100%        7
 Spellforged Servitor     Conj/Summ      4%         N/A       100%        7
 Storm Form               Tmut/Air       4%         N/A       100%        7
 Summon Hydra             Summ           4%         N/A       100%        7
 Discord                  Hex            11%        N/A       100%        8
 Ignition                 Fire           4%         3d4       100%        8
 Lehudib's Crystal Spear  Conj/Erth      4%         10d3      100%        8
 Maxwell's Capacitive Co  Air            4%         ∞         100%        8
 Dragon's Call            Summ           4%         N/A       100%        9
 Polar Vortex             Ice            4%         N/A       100%        9


Dungeon Overview and Level Annotations

Branches:
Dungeon (15/15)            Temple (1/1) D:6            Lair (5/5) D:11
 Shoals (4/4) Lair:2        Snake (4/4) Lair:2        Slime (5/5) Lair:5
    Orc (2/2) D:11            Elf (3/3) Orc:2        Vaults (5/5) D:13
  Crypt (3/3) Vaults:2       Tomb (0/3) Crypt:3      Depths (4/4) D:15
    Zot (5/5) Depths:4     WizLab (visited)

Altars:
Ashenzari
Cheibriados
Dithmenos
Elyvilon
Fedhas
Gozag
Hepliaklqana
Kikubaaqudgha
Makhleb
Nemelex Xobeh
Okawaru
Qazlal
Ru
Sif Muna
Trog
Uskayaw
Vehumet
Wu Jian
Xom
Yredelemnul
Zin
The Shining One
Jiyva
Lugonu

Shops:
D:5 [   D:8 ?   D:12 *   Orc:1 **   Orc:2 (:**   Shoals:1 *   Snake:1 [!
Snake:2 ?   Vaults:2 !   Depths:1 *

Portals:
Hell: Depths:1 Depths:2 Depths:3 Depths:4
Abyss: Lair:2 Depths:3 Depths:4
Pandemonium: Depths:2
Ziggurat: Depths:2

Annotations:
D:2 exclusion: downstairs
D:3 2 transporters, Icepheonix32's ghost, amateur DrFE
D:4 exclusion: upstairs
D:9 3 runed translucent doors, beryleye's ghost, novice GnFi
D:10 exclusion: downstairs
Lair:3 exclusion: downstairs
Lair:4 3 runed translucent doors, Iusername's ghost, journeyman MiFi
Lair:5 2 exclusions
Slime:3 exclusions: downstairs and upstairs
Orc:1 1 runed translucent door, wingedge's ghost, journeyman DsEE
Elf:2 5 runed translucent doors
Elf:3 3 runed translucent doors, holycorn's ghost, adept MiBe
Crypt:1 exclusion: downstairs
Depths:1 rp int7 sinv gloves
Zot:2 1 transporter


Innate Abilities, Weirdness & Mutations

You have razor-sharp teeth.
Your natural rate of healing is unusually fast.
When hurt, damage is shared between your health and your magic reserves.
Your bite disrupts and absorbs the magic of your enemies.
Potions cannot restore your health.
You are frail. (-10% HP)


Message History

You are healed.
Something hits you! You partially resist.
You feel drained.
You block the green draconian monk's attack.
The green draconian monk closely misses you.
The green draconian monk tail-slaps you but does no damage.
The green draconian monk tail-slaps you.
The purple draconian shifter points at you and mumbles some strange words.
You resist with almost no effort.
You pummel something!! You bite something. You drain its magic.
You feel invigorated.
A bolt of lightning appears from out of thin air!
The bolt of lightning hits you. You resist.
The green draconian monk hits you but does no damage.
The green draconian monk kicks you.
The green draconian monk tail-slaps you but does no damage. x2
You punch something! Your bite misses something. Something hits you!
You partially resist.
You feel drained.
You pummel something!! You bite something. You drain its magic.
You feel invigorated.
You block the green draconian monk's attack.
The green draconian monk kicks you.
You block the green draconian monk's attack.
The green draconian monk tail-slaps you but does no damage.
You beat something into a bloody pulp!!!
Reactivating autopickup.
You feel a bit more experienced.
You rampage towards the purple draconian shifter!
You squash the purple draconian shifter like an ant!!!
You bite the purple draconian shifter, but do no damage.
The purple draconian shifter is heavily wounded.
The purple draconian shifter is engulfed in poison gas.
The purple draconian shifter is poisoned.
The purple draconian shifter breathes dispelling energy at you.
The bolt of dispelling energy misses you.
The green draconian monk hits you but does no damage.
You block the green draconian monk's attack.
The green draconian monk tail-slaps you but does no damage.
You block the green draconian monk's attack.
You pummel the purple draconian shifter!!
You bite the purple draconian shifter!
The purple draconian shifter's magic leaks into the air.
You drain its magic.
You feel invigorated.
The purple draconian shifter is almost dead.
The purple draconian shifter hits you but does no damage.
The green draconian monk hits you!!
The green draconian monk barely misses you.
The green draconian monk tail-slaps you!
You block the green draconian monk's attack.
You completely miss the purple draconian shifter.
You bite the purple draconian shifter.
You kill the purple draconian shifter!
You barely miss the green draconian monk.
You bite the green draconian monk! You drain its power.
You feel invigorated.
The green draconian monk is lightly wounded.
You block the green draconian monk's attack. x2
The green draconian monk completely misses you.
The green draconian monk tail-slaps you but does no damage.
You punch the green draconian monk!
Your bite misses the green draconian monk.
The green draconian monk is moderately wounded.
You completely miss the green draconian monk.
The green draconian monk is moderately wounded.
The green draconian monk breathes poison at you.
The blast of poison engulfs you but does no damage.
You resist.
You squash the green draconian monk like an ant!!!
You bite the green draconian monk! You drain its power.
The green draconian monk is severely wounded.
You block the green draconian monk's attack.
The green draconian monk kicks you but does no damage.
The green draconian monk tail-slaps you but does no damage.
You block the green draconian monk's attack.
You barely miss the green draconian monk.
Your bite misses the green draconian monk.
The green draconian monk is severely wounded.
You miss the green draconian monk. You bite the green draconian monk.
You drain its power.
The green draconian monk is severely wounded.
You block the green draconian monk's attack.
The green draconian monk kicks you but does no damage.
The green draconian monk barely misses you.
The green draconian monk tail-slaps you.
You pummel the green draconian monk like a punching bag!!!
You bite the green draconian monk. You drain its power.
You feel invigorated.
The green draconian monk is almost dead.
You beat the green draconian monk into a bloody pulp!!!
You kill the green draconian monk!
Things that are here:
a +0 whip; a +0 cloak; a purple draconian corpse You start resting.
HP restored.
Things that are here:
a +0 whip; a +0 cloak; a purple draconian corpse
k - 20 scrolls of teleportation (gained 1)
Items here: )) [ †††.
Things that are here:
a +0 whip; a +0 cloak; a purple draconian corpse
Casting: Passage of Golubria (mildly dangerous; 1% risk of failure)
Confirm with . or Enter, or press ? or * to list all spells.
Aiming: Passage of Golubria (mildly dangerous; 1% risk of failure)
Press: ? - help, Dir - move target The Orb disrupts the stability of your passage!
Casting: Passage of Golubria (mildly dangerous; 1% risk of failure)
Confirm with . or Enter, or press ? or * to list all spells.
Aiming: Passage of Golubria (mildly dangerous; 1% risk of failure)
Press: ? - help, Dir - move target You can't see that place. [the floor.]
Okay, then.
You start resting.
Magic restored.
You start waiting.
Your passage of Golubria closes with a snap! x2
Casting: Passage of Golubria (mildly dangerous; 1% risk of failure)
Confirm with . or Enter, or press ? or * to list all spells.
Aiming: Passage of Golubria (mildly dangerous; 1% risk of failure)
Press: ? - help, Dir - move target, f - you
Okay, then.
Casting: Passage of Golubria (mildly dangerous; 1% risk of failure)
Confirm with . or Enter, or press ? or * to list all spells.
Aiming: Passage of Golubria (mildly dangerous; 1% risk of failure)
Press: ? - help, Dir - move target The Orb disrupts the stability of your passage!
You hear a snapping sound.
An Orb Guardian comes into view.
You hear a snapping sound.
You rampage towards the Orb Guardian!
You rampage towards the Orb Guardian!
You block the Orb Guardian's attack. x2
You see here the Orb of Zot.
You hit the Orb Guardian. You bite the Orb Guardian. You drain its power.
The Orb Guardian is lightly wounded.
You block the Orb Guardian's attack.
You pound the Orb Guardian into fine dust!!!
Your bite misses the Orb Guardian.
The Orb Guardian is severely wounded.
An electric golem comes into view.
You block the Orb Guardian's attack.
You punch the Orb Guardian! Your bite misses the Orb Guardian.
The Orb Guardian is almost dead.
You pummel the Orb Guardian!!
You kill the Orb Guardian!
Your life force feels restored.
The electric golem hurls suddenly forward!
The electric golem hurls lightning at you.
The bolt of lightning hits you! You resist.
The electric golem closely misses you. The electric golem barely misses you.
The electric golem hits you but does no damage. x2
An orb of fire comes into view.
You hit the electric golem. Your bite misses the electric golem.
The electric golem is lightly damaged.
The electric golem hurls lightning at you.
The bolt of lightning hits you! You resist.
The electric golem attacks as you move away!
You block the electric golem's attack. x3
The electric golem closely misses you. The electric golem barely misses you.
The electric golem hits you but does no damage.
The electric golem hits you.
The electric golem hits you but does no damage.
Casting: Lesser Beckoning (safe; 1% risk of failure)
Confirm with . or Enter, or press ? or * to list all spells.
Aiming: Passage of Golubria (mildly dangerous; 1% risk of failure)
Press: ? - help, Dir - move target, p - electric golem The Orb disrupts the stability of your passage!
The electric golem hits you but does no damage. x2
You block the electric golem's attack. x2
The orb of fire glows deep purple.
The bolt of fire hits you! You resist. You block the electric golem's attack.
The electric golem barely misses you.
The electric golem hits you but does no damage. x2
The orb of fire emits a lurid red light.
Strange energies course through your body.
You feel frail. You block the electric golem's attack.
The electric golem closely misses you. You block the electric golem's attack.
The electric golem hits you!
The electric golem attacks as you move away!
The electric golem hits you but does no damage.
You block the electric golem's attack. x2
The electric golem hits you but does no damage.
You enter the passage of Golubria.
There is a passage of Golubria here.
This passage doesn't lead anywhere!
You miss the electric golem. Your bite misses the electric golem.
The electric golem hits you but does no damage.
You block the electric golem's attack. The electric golem misses you. x2
You hear a loud "Zot"!
You hit the electric golem but do no damage.
You bite the electric golem.
The electric golem's magic leaks into the air.
You drain its magic.
You feel invigorated.
The electric golem is lightly damaged.
You block the electric golem's attack. x2
The electric golem hits you but does no damage.
The electric golem misses you.
You miss the electric golem. Your bite misses the electric golem.
The electric golem is lightly damaged.
You block the electric golem's attack. x2
The electric golem hits you but does no damage. x2
You pummel the electric golem!!
The electric golem is moderately damaged.
You pummel the orb of fire!! Your bite misses the orb of fire.
The orb of fire is lightly damaged.
You pummel the orb of fire!!
You bite the orb of fire, but do no damage.
The orb of fire is moderately damaged.
You block the electric golem's attack. x2
The electric golem hits you but does no damage. x2
You closely miss the orb of fire.
You bite the orb of fire, but do no damage.
The orb of fire is moderately damaged.
You hit the orb of fire but do no damage.
Your bite misses the orb of fire.
The orb of fire is moderately damaged.
The electric golem hits you but does no damage.
You block the electric golem's attack. x2
The electric golem closely misses you.
You miss the orb of fire.
You bite the orb of fire, but do no damage.
The orb of fire is moderately damaged.
The electric golem hits you but does no damage.
You block the electric golem's attack. The electric golem barely misses you.
You block the electric golem's attack.
The orb of fire glows red.
The bolt of fire hits you! You resist.
Your passage of Golubria closes with a snap!
You pummel the orb of fire!! Your bite misses the orb of fire.
The orb of fire is moderately damaged.
The electric golem's magic is no longer disrupted.
The electric golem hits you but does no damage. x2
You block the electric golem's attack. x2
The orb of fire glows yellow.
The bolt of fire misses you.
You pulverise the orb of fire!!!
Your bite misses the orb of fire.
The orb of fire is severely damaged.
You block the electric golem's attack. x2
The electric golem closely misses you. You block the electric golem's attack.
You closely miss the orb of fire. You bite the orb of fire!
The orb of fire's magic leaks into the air.
You drain its magic.
You feel invigorated.
The orb of fire is almost destroyed.
The electric golem barely misses you. You block the electric golem's attack.
The electric golem hits you but does no damage. x2
You pound the orb of fire into fine dust!!!
You destroy the orb of fire!
The electric golem hurls lightning at you.
The bolt of lightning hits you. You resist. The bolt of lightning misses you.
The bolt of lightning hits the electric golem.
The electric golem completely resists.
You hit the electric golem. Your bite misses the electric golem.
The electric golem is moderately damaged.
You block the electric golem's attack.
The electric golem hits you but does no damage.
You block the electric golem's attack.
The electric golem hits you but does no damage.
You miss the electric golem.
The electric golem is moderately damaged.
The electric golem hits you but does no damage. x2
You block the electric golem's attack. x2
You pummel the electric golem!! Your bite misses the electric golem.
The electric golem is moderately damaged.
The electric golem completely misses you.
You block the electric golem's attack. x2; The electric golem misses you.
You miss the electric golem. Your bite misses the electric golem.
The electric golem is moderately damaged.
You block the electric golem's attack. x3; The electric golem misses you.
You miss the electric golem. Your bite misses the electric golem.
The electric golem is moderately damaged.
You completely miss the electric golem. Your bite misses the electric golem.
The electric golem is moderately damaged.
The electric golem hits you but does no damage.
You block the electric golem's attack. The electric golem barely misses you.
You block the electric golem's attack.
You hit the electric golem. You bite the electric golem!!
The electric golem's magic leaks into the air.
You drain its magic.
You feel invigorated.
The electric golem is heavily damaged.
The electric golem falters for a moment.
You punch the electric golem! You bite the electric golem!
The electric golem's magic leaks into the air.
You drain its magic.
The electric golem is severely damaged.
The electric golem hits you but does no damage.
You block the electric golem's attack. The electric golem closely misses you.
The electric golem hits you but does no damage.
You pummel the electric golem!! Your bite misses the electric golem.
The electric golem is almost destroyed.
The electric golem falters for a moment.
You completely miss the electric golem. Your bite misses the electric golem.
The electric golem is almost destroyed.
The electric golem falters for a moment.
You punch the electric golem! You bite the electric golem!
You destroy the electric golem!
Your Armour skill increases to level 17!
A quicksilver dragon comes into view.
The quicksilver dragon roars deafeningly!
The quicksilver dragon breathes dispelling energy at you.
The bolt of dispelling energy misses you.
The quicksilver dragon hurls suddenly forward!
The quicksilver dragon breathes dispelling energy at you.
The bolt of dispelling energy misses you.
The quicksilver dragon misses you.
The quicksilver dragon claws you but does no damage.
You hear a deafening roar!
You squash the quicksilver dragon like an ant!!!
You bite the quicksilver dragon! You drain its power.
You feel invigorated.
The quicksilver dragon is heavily wounded.
The quicksilver dragon bites you.
You block the quicksilver dragon's attack.
You pulverise the quicksilver dragon!!!
You kill the quicksilver dragon!
You see here the Orb of Zot.
Casting: Lesser Beckoning (safe; 1% risk of failure)
Confirm with . or Enter, or press ? or * to list all spells.
Aiming: Passage of Golubria (mildly dangerous; 1% risk of failure)
Press: ? - help, Dir - move target The Orb disrupts the stability of your passage!
Casting: Passage of Golubria (mildly dangerous; 1% risk of failure)
Confirm with . or Enter, or press ? or * to list all spells.
Aiming: Passage of Golubria (mildly dangerous; 1% risk of failure)
Press: ? - help, Dir - move target The Orb disrupts the stability of your passage!
A storm dragon comes into view.
You rampage towards the storm dragon!
An orb of fire comes into view.
The storm dragon roars deafeningly!
You rampage towards the orb of fire!
The storm dragon fails to trigger a net trap.
You rampage towards the orb of fire!
You pummel the orb of fire!! Your bite misses the orb of fire.
The orb of fire is moderately damaged.
You hear a snapping sound.
You hit the orb of fire but do no damage.
You bite the orb of fire.
The orb of fire's magic leaks into the air.
You drain its magic.
You feel invigorated.
The orb of fire is moderately damaged.
The storm dragon breathes lightning at you.
The bolt of lightning hits you. You resist. The bolt of lightning misses you.
The bolt of lightning hits the storm dragon.
The storm dragon completely resists.
You miss the orb of fire. You bite the orb of fire!
The orb of fire's magic leaks into the air.
You drain its magic.
You feel invigorated.
The orb of fire is moderately damaged.
You pummel the orb of fire!! Your bite misses the orb of fire.
The orb of fire is heavily damaged.
The storm dragon bites you.
The storm dragon claws you but does no damage.
The storm dragon tramples you but does no damage.
You pummel the orb of fire!! Your bite misses the orb of fire.
The orb of fire is severely damaged.
The storm dragon breathes lightning at you.
The bolt of lightning hits you! You resist. The bolt of lightning hits you.
You resist.
The bolt of lightning hits the storm dragon.
The storm dragon completely resists.
You squash the orb of fire like an ant!!!
You destroy the orb of fire!
You block the storm dragon's attack. x3
The storm dragon bites you but does no damage.
The storm dragon claws you but does no damage.
The storm dragon tramples you.
You hold your ground!
You hear a snapping sound.
You completely miss the storm dragon. You bite the storm dragon.
You drain its power.
You feel invigorated.
The storm dragon is lightly wounded.
You pummel the storm dragon!! Your bite misses the storm dragon.
The storm dragon is moderately wounded.
You block the storm dragon's attack.
The storm dragon claws you but does no damage.
The storm dragon barely misses you.
An orb of fire comes into view.
You pummel the storm dragon like a punching bag!!!
You bite the storm dragon!
You kill the storm dragon!
You rampage towards the orb of fire!
You rampage towards the orb of fire!
You hit the orb of fire but do no damage.
Your bite misses the orb of fire.
You hit the orb of fire but do no damage.
You bite the orb of fire!
The orb of fire's magic leaks into the air.
You drain its magic.
The orb of fire is lightly damaged.
You barely miss the orb of fire.
You bite the orb of fire, but do no damage.
The orb of fire is lightly damaged.
You hear a snapping sound.
You barely miss the orb of fire. You bite the orb of fire.
The orb of fire's magic leaks into the air.
You drain its magic.
The orb of fire is lightly damaged.
You miss the orb of fire.
You bite the orb of fire, but do no damage.
The orb of fire is lightly damaged.
The orb of fire glows red.
Strange energies course through your body.
You no longer become unable to drink potions after taking damage.
You miss the orb of fire. Your bite misses the orb of fire.
The orb of fire is lightly damaged.
You miss the orb of fire. Your bite misses the orb of fire.
The orb of fire is lightly damaged.
The orb of fire falters for a moment.
You pummel the orb of fire!! Your bite misses the orb of fire.
The orb of fire is moderately damaged.
The orb of fire glows deep purple.
The fireball explodes!
The fireball engulfs you. You resist.
The fireball engulfs the orb of fire.
The orb of fire completely resists.
You hear a deafening roar!
You hear a shout!
You hear a snapping sound.
You pummel the orb of fire!! Your bite misses the orb of fire.
The orb of fire is heavily damaged.
You squash the orb of fire like an ant!!!
Your bite misses the orb of fire.
The orb of fire is severely damaged.
You pummel the orb of fire!! You bite the orb of fire!
The orb of fire's magic leaks into the air.
You drain its magic.
You feel invigorated.
The orb of fire is almost destroyed.
You miss the orb of fire. Your bite misses the orb of fire.
The orb of fire is almost destroyed.
You hit the orb of fire but do no damage.
You bite the orb of fire!
The orb of fire's magic leaks into the air.
You drain its magic.
The orb of fire is almost destroyed.
You closely miss the orb of fire. You bite the orb of fire.
You destroy the orb of fire!
You see here the Orb of Zot.
Okay, then.
Casting: Passage of Golubria (mildly dangerous; 1% risk of failure)
Confirm with . or Enter, or press ? or * to list all spells.
Aiming: Passage of Golubria (mildly dangerous; 1% risk of failure)
Press: ? - help, Dir - move target The Orb disrupts the stability of your passage!
Casting: Passage of Golubria (mildly dangerous; 1% risk of failure)
Confirm with . or Enter, or press ? or * to list all spells.
Aiming: Passage of Golubria (mildly dangerous; 1% risk of failure)
Press: ? - help, Dir - move target The Orb disrupts the stability of your passage!
Casting: Passage of Golubria (mildly dangerous; 1% risk of failure)
Confirm with . or Enter, or press ? or * to list all spells.
Aiming: Passage of Golubria (mildly dangerous; 1% risk of failure)
Press: ? - help, Dir - move target Out of range.
Okay, then.
You start resting.
Your passage of Golubria closes with a snap!
You start resting.
Your passage of Golubria closes with a snap!
You start resting.
Your passage of Golubria closes with a snap!
Your passage of Golubria closes with a snap!
Items here: )) [ †††.
Casting: Passage of Golubria (mildly dangerous; 1% risk of failure)
Confirm with . or Enter, or press ? or * to list all spells.
Aiming: Passage of Golubria (mildly dangerous; 1% risk of failure)
Press: ? - help, Dir - move target, f - you
Okay, then.
Casting: Passage of Golubria (mildly dangerous; 1% risk of failure)
Confirm with . or Enter, or press ? or * to list all spells.
Aiming: Passage of Golubria (mildly dangerous; 1% risk of failure)
Press: ? - help, Dir - move target The Orb disrupts the stability of your passage!
You see here the Orb of Zot.
You pick up the Orb of Zot!
The Orb lets out a hideous shriek!
The lords of Pandemonium are not amused.
Beware!
Now all you have to do is get back out of the dungeon!
You hear a deafening roar!
You hear a shout!
You hear a snapping sound.
Your passage of Golubria closes with a snap!
Casting: Passage of Golubria (mildly dangerous; 1% risk of failure)
Confirm with . or Enter, or press ? or * to list all spells.
Aiming: Passage of Golubria (mildly dangerous; 1% risk of failure)
Press: ? - help, Dir - move target The Orb disrupts the stability of your passage!
You enter the passage of Golubria.
There is a passage of Golubria here.
Casting: Passage of Golubria (mildly dangerous; 1% risk of failure)
Confirm with . or Enter, or press ? or * to list all spells.
Aiming: Passage of Golubria (mildly dangerous; 1% risk of failure)
Press: ? - help, Dir - move target The Orb disrupts the stability of your passage!
You hear a snapping sound.
A red devil comes into view. It is wielding a +0 trident.
You hear a snapping sound.
You hear a snapping sound.
Casting: Passage of Golubria (mildly dangerous; 1% risk of failure)
Confirm with . or Enter, or press ? or * to list all spells.
Aiming: Passage of Golubria (mildly dangerous; 1% risk of failure)
Press: ? - help, Dir - move target
Okay, then.
Casting: Passage of Golubria (mildly dangerous; 1% risk of failure)
Confirm with . or Enter, or press ? or * to list all spells.
Aiming: Passage of Golubria (mildly dangerous; 1% risk of failure)
Press: ? - help, Dir - move target The Orb disrupts the stability of your passage!
The red devil enters the passage of Golubria.
Casting: Passage of Golubria (mildly dangerous; 1% risk of failure)
Confirm with . or Enter, or press ? or * to list all spells.
Aiming: Passage of Golubria (mildly dangerous; 1% risk of failure)
Press: ? - help, Dir - move target The Orb disrupts the stability of your passage!
Casting: Passage of Golubria (mildly dangerous; 1% risk of failure)
Confirm with . or Enter, or press ? or * to list all spells.
Aiming: Passage of Golubria (mildly dangerous; 1% risk of failure)
Press: ? - help, Dir - move target The Orb disrupts the stability of your passage!
You hear a loud "Zot"!
You enter the passage of Golubria.
You block the red devil's attack.
There is a passage of Golubria, spattered with blood here.
You block the red devil's attack.
Things that are here:
a +0 whip; a +0 cloak The red devil enters the passage of Golubria.
You see here a +0 flail.
Your passage of Golubria closes with a snap!
A shadow dragon comes into view.
You hear a snapping sound.
You see here a +0 short sword.
You hear a snapping sound.
You see here a +0 battleaxe.
You see here a +0 flail.
There is a stone staircase leading up, spattered with blood here.
You fly upwards.
There is a stone staircase leading down here.
Magic restored.
There is a stone staircase leading up here.
You fly upwards.
There is a stone staircase leading down here.
There is a stone staircase leading up here.
You fly upwards.
Level annotation: 1 transporter
There is a stone staircase leading down here.
Unknown command.
There is an open gate here.
Things that are here:
a +0 dire flail; a +0 dire flail; a +3 scimitar of flaming You see here 3 scrolls of identify.
Things that are here:
a +0 giant spiked club; a +0 giant club
There is an open gate, spattered with blood here.
You see here a +0 giant club.
You see here 4 large rocks.
You see here a scroll of identify.
There is an open door here.
There is an open door here.
There is an open door here.
A soul eater comes into view.
You rampage towards the soul eater!
You barely miss the soul eater. You bite the soul eater!
The soul eater's magic leaks into the air.
You drain its magic.
The soul eater is lightly wounded.
You pummel the soul eater!! You bite the soul eater!
The soul eater's magic leaks into the air.
You drain its magic.
The soul eater is severely wounded.
You block the soul eater's attack.
You hit the soul eater.
You bite the soul eater, but do no damage.
The soul eater is almost dead.
You squash the soul eater like an ant!!!
You kill the soul eater!
You fly upwards.
There is a stone staircase leading down here.
There is a fountain of clear blue water here.
You see here a +0 battleaxe.
There is a gate leading back out of this place, spattered with blood here.
You fly up through the gate.
Welcome back to the Depths!
There is a gate to the Realm of Zot, spattered with blood here.
There is an open door, spattered with blood here.
Things that are here:
a +0 cloak; a +0 hand axe; a +0 battleaxe
Things that are here:
a +2 sling of freezing; 2 large rocks
Things that are here:
a +0 trident; a +0 short sword
Things that are here:
a +0 cloak; a +0 dagger; a +0 cloak
There is a stone staircase leading up, spattered with blood here.
You fly upwards.
There is a stone staircase leading down, spattered with blood here.
You see here +0 fire dragon scales.
A demonic crawler comes into view.
The demonic crawler shrieks in warning!
You block the demonic crawler's attack. x3
You hit the demonic crawler. You bite the demonic crawler! You drain its power.
The demonic crawler is moderately wounded.
You block the demonic crawler's attack. x2
The demonic crawler hits you but does no damage.
You pummel the demonic crawler!! You bite the demonic crawler.
You drain its power.
The demonic crawler is almost dead.
The demonic crawler shrieks in warning!
You pummel the demonic crawler!!
You kill the demonic crawler!
No target in view!
(D) Dungeon (T) Temple (L) Lair (A) Shoals (P) Snake Pit (M) Slime Pits (O) Orcish Mines (E) Elven Halls (V) Vaults (C) Crypt (W) Tomb (U) Depths (H) Hell (Z) Zot
Where to? (Enter - Depths:3 @ (x,y), ? - help)
Okay, then.
A smoke demon comes into view.
The smoke demon gestures at you. The sticky flame misses you.
You rampage towards the smoke demon!
You hit the smoke demon. You bite the smoke demon.
The smoke demon's magic leaks into the air.
You drain its magic.
The smoke demon is lightly wounded.
You squash the smoke demon like an ant!!!
You kill the smoke demon!
No target in view!
No target in view!
(D) Dungeon (T) Temple (L) Lair (A) Shoals (P) Snake Pit (M) Slime Pits (O) Orcish Mines (E) Elven Halls (V) Vaults (C) Crypt (W) Tomb (U) Depths (H) Hell (Z) Zot
Where to? (Enter - Depths:3 @ (x,y), ? - help)
There is a stone staircase leading up here.
You fly upwards.
There is a stone staircase leading down here.
You see here a +0 buckler.
A rust devil comes into view.
You can't go up here!
There is an escape hatch in the ceiling here.
A mysterious force pulls you upwards. The hatch slams shut behind you.
Level annotation: rp int7 sinv gloves You see here a +0 troll leather armour.
There is a staircase back to the Dungeon, spattered with blood here.
You fly upwards.
Welcome back to the Dungeon!
There is a staircase to the Depths, spattered with blood here.
You see here a +3 shortbow.
You see here a +0 shortbow.
You see here a +0 dire flail.
You see here a +0 robe.
There is a stone staircase leading up here.
You fly upwards.
There is a stone staircase leading down here.
There is a stone staircase leading up here.
You fly upwards.
There is a stone staircase leading down here.
There is a stone staircase leading up here.
You fly upwards.
There is a stone staircase leading down here.
A sun demon comes into view.
Unknown command.
The sun demon hits you!
You are engulfed in flames.
You resist.
There is a stone staircase leading up, spattered with blood here.
You hit the sun demon. You bite the sun demon! You drain its power.
You feel invigorated.
The sun demon is moderately wounded.
You block the sun demon's attack.
You punch the sun demon!
You bite the sun demon, but do no damage.
The sun demon is heavily wounded.
You pummel the sun demon like a punching bag!!!
You kill the sun demon!
You fly upwards.
There is a stone staircase leading down here.
HP restored.
A seraph, a cherub and an angel come into view.
The seraph is wielding a +4 great sword of flaming.
The cherub is wielding a +1 flail of flaming.
The angel is wielding a +2 whip of holy wrath.
Unknown command.
Unknown command.
Okay, then.
You rampage towards the seraph!
You pound the seraph into fine dust!!! Your bite misses the seraph.
The seraph is moderately wounded.
You pummel the seraph!! You bite the seraph.
The seraph's magic leaks into the air.
You drain its magic.
The seraph is heavily wounded.
You pummel the seraph!! You bite the seraph.
The seraph's magic leaks into the air.
You drain its magic.
The seraph is heavily wounded.
The seraph gestures.
The seraph channels a blast of cleansing flame!
The golden flame engulfs the seraph.
The seraph completely resists.
The golden flame engulfs the angel.
The angel completely resists.
The golden flame engulfs you but does no damage.
You resist.
The cherub sings a powerful hymn!
The angels go into a battle-frenzy!
You hit the seraph but do no damage. Your bite misses the seraph.
The seraph is heavily wounded.
The seraph falters for a moment.
The angel hits you but does no damage. You block the angel's attack.
You hit the seraph but do no damage. Your bite misses the seraph.
The seraph is heavily wounded.
The seraph shouts a warning to its allies!
You block the angel's attack. The angel hits you but does no damage.
You miss the seraph. Your bite misses the seraph.
The seraph is heavily wounded.
You block the angel's attack. x2; You block the seraph's attack. x2
You pummel the seraph!! You bite the seraph, but do no damage.
The seraph is severely wounded.
The cherub hits you but does no damage. The cherub misses you.
The angel hits you with a +2 whip of holy wrath!!
The angel hits you with a +2 whip of holy wrath.
The seraph hits you with a +4 great sword of flaming!
The seraph burns you. You block the seraph's attack.
You pummel the seraph!! Your bite misses the seraph.
The seraph is almost dead.
The cherub misses you. You block the cherub's attack.
The angel hits you with a +2 whip of holy wrath!!
The angel hits you but does no damage.
You hit the seraph. You bite the seraph!
The seraph's magic leaks into the air.
You drain its magic.
You feel invigorated.
The seraph is almost dead.
The seraph falters for a moment.
You closely miss the seraph. You bite the seraph.
The seraph's magic leaks into the air.
You drain its magic.
The seraph is almost dead.
You block the angel's attack. The angel hits you but does no damage.
The seraph falters for a moment.
You block the cherub's attack. x2
You hit the seraph but do no damage. You bite the seraph!
You kill the seraph!
The angel hits you with a +2 whip of holy wrath!
The angel hits you but does no damage.
You hit the angel but do no damage. You bite the angel, but do no damage.
You block the angel's attack.
The angel hits you with a +2 whip of holy wrath!
The cherub misses you. You block the cherub's attack.
You pummel the angel!! You bite the angel!!
The angel's magic leaks into the air.
You drain its magic.
You feel invigorated.
The angel is heavily wounded.
You block the angel's attack. The angel hits you but does no damage.
The cherub hits you but does no damage. You block the cherub's attack.
You punch the angel!
The angel is severely wounded.
You block the angel's attack. The angel closely misses you.
You closely miss the angel. You bite the angel.
The angel's magic leaks into the air.
You drain its magic.
The angel is severely wounded.
The angel hits you but does no damage. You block the angel's attack.
You block the cherub's attack.
The cherub gores you but does no damage.
You miss the angel.
The angel is severely wounded.
You block the angel's attack. The angel hits you but does no damage.
You pummel the angel like a punching bag!!!
You kill the angel!
You block the cherub's attack. x2
You pound the cherub into fine dust!!! Your bite misses the cherub.
The cherub is severely wounded.
You block the cherub's attack. The cherub hits you but does no damage.
You closely miss the cherub. Your bite misses the cherub.
The cherub is severely wounded.
You hit the cherub. Your bite misses the cherub.
The cherub is severely wounded.
The cherub hits you but does no damage. You block the cherub's attack.
You closely miss the cherub. You bite the cherub! You drain its power.
The cherub is almost dead.
You pummel the cherub!!
You kill the cherub!
Things that are here:
a +4 great sword of flaming; +2 pearl dragon scales
There is a stone staircase leading up, spattered with blood here.
You fly upwards.
Level annotation: exclusion: downstairs
There is a stone staircase leading down here.
A Brimstone Fiend comes into view.
There is an open door here.
You can't go up here!
The Brimstone Fiend moves out of view.
There is an open door here.
Things that are here:
a +0 robe; a +0 dagger; a +0 dagger The Brimstone Fiend calls on the powers of darkness!
Your body is wracked with pain!
There is a stone staircase leading up here.
The Brimstone Fiend gestures at you.
The sphere of damnation explodes!
The damnation engulfs you!!
You fly upwards.
Level annotation: 3 runed translucent doors, beryleye's ghost, novice GnFi
There is a stone staircase leading down here.
You are healed.
Okay, then.
Unknown command.
HP restored.
There is a stone staircase leading up here.
You fly upwards.
There is a stone staircase leading down, spattered with blood here.
There is a stone staircase leading up here.
You fly upwards.
There is a stone staircase leading down here.
An Orb Guardian comes into view.
You can't go up here!
You rampage towards the Orb Guardian!
You rampage towards the Orb Guardian!
You closely miss the Orb Guardian.
You bite the Orb Guardian, but do no damage.
You pummel the Orb Guardian!! You bite the Orb Guardian. You drain its power.
You feel invigorated.
The Orb Guardian is heavily wounded.
You block the Orb Guardian's attack.
You punch the Orb Guardian! You bite the Orb Guardian!! You drain its power.
You feel invigorated.
The Orb Guardian is severely wounded.
The Orb Guardian hits you!!
You pummel the Orb Guardian!! You bite the Orb Guardian.
You kill the Orb Guardian!
No target in view!
There is an escape hatch in the ceiling here.
HP restored.
A mysterious force pulls you upwards. The hatch slams shut behind you.
A demonspawn warmonger and a reaper come into view.
The demonspawn warmonger is wielding a +3 vampiric demon whip, wearing a +2 plate armour of fire resistance and wearing a +2 tower shield of reflection.
The reaper is wielding a +0 scythe of venom.
You rampage towards the demonspawn warmonger!
You rampage towards the demonspawn warmonger!
You punch the demonspawn warmonger! You bite the demonspawn warmonger.
You drain its power.
You feel invigorated.
The demonspawn warmonger is lightly wounded.
You hit the demonspawn warmonger but do no damage.
Your bite misses the demonspawn warmonger.
The demonspawn warmonger is lightly wounded.
The demonspawn warmonger mumbles some strange prayers to its god against you.
Your magic feels tainted.
The demonspawn warmonger blocks your attack. x2
The demonspawn warmonger is lightly wounded.
You pummel the demonspawn warmonger!! You bite the demonspawn warmonger!
You drain its power.
The demonspawn warmonger is heavily wounded.
The demonspawn warmonger mumbles some strange prayers to its god against you.
Your magic feels more tainted.
You block the reaper's attack.
The demonspawn warmonger blocks your attack.
You bite the demonspawn warmonger! You drain its power.
The demonspawn warmonger is heavily wounded.
The reaper misses you.
The demonspawn warmonger hits you but does no damage.
The demonspawn warmonger claws you but does no damage.
The demonspawn warmonger gores you.
You barely miss the demonspawn warmonger.
You bite the demonspawn warmonger, but do no damage.
The demonspawn warmonger is heavily wounded.
The demonspawn warmonger blocks your attack.
You bite the demonspawn warmonger! You drain its power.
You feel invigorated.
The demonspawn warmonger is severely wounded.
The reaper barely misses you.
The demonspawn warmonger hits you but does no damage.
You block the demonspawn warmonger's attack.
The demonspawn warmonger misses you.
The demonspawn warmonger blocks your attack.
You bite the demonspawn warmonger, but do no damage.
The demonspawn warmonger is severely wounded.
The demonspawn warmonger blocks your attack.
Your bite misses the demonspawn warmonger.
The demonspawn warmonger is severely wounded.
You block the demonspawn warmonger's attack.
The demonspawn warmonger misses you.
You block the demonspawn warmonger's attack.
The reaper hits you from afar with a +0 scythe of venom.
The demonspawn warmonger blocks your attack. x2
The demonspawn warmonger is severely wounded.
You pummel the demonspawn warmonger!!
The demonspawn warmonger blocks your attack.
The demonspawn warmonger is almost dead.
You block the demonspawn warmonger's attack.
The demonspawn warmonger claws you but does no damage.
The demonspawn warmonger gores you. You block the reaper's attack.
You pummel the demonspawn warmonger!!
You kill the demonspawn warmonger!
The reaper barely misses you.
You rampage towards the reaper!
You hit the reaper. Your bite misses the reaper.
The reaper is lightly wounded.
You barely miss the reaper. You bite the reaper, but do no damage.
The reaper is lightly wounded.
You block the reaper's attack.
You pummel the reaper!! You bite the reaper! You drain its power.
You feel invigorated.
The reaper is severely wounded.
You punch the reaper! You bite the reaper, but do no damage.
The reaper is severely wounded.
The reaper hits you but does no damage.
You pound the reaper into fine dust!!!
You kill the reaper!
No target in view!
(D) Dungeon (T) Temple (L) Lair (A) Shoals (P) Snake Pit (M) Slime Pits (O) Orcish Mines (E) Elven Halls (V) Vaults (C) Crypt (W) Tomb (U) Depths (H) Hell (Z) Zot
Where to? (Enter - D:6 @ (x,y), ? - help)
An orange demon comes into view.
You see here a +0 dagger.
There is a stone staircase leading up here.
You fly upwards.
There is a stone staircase leading down here.
There is an open door here.
There is an escape hatch in the ceiling here.
A mysterious force pulls you upwards. The hatch slams shut behind you.
Level annotation: exclusion: upstairs An angel comes into view.
It is wielding a +3 whip of holy wrath.
You can't go up here!
You see here a +0 short sword.
Items here: )) [[.
Your magic seems less tainted.
There is a stone staircase leading up, spattered with blood here.
You fly upwards.
Level annotation: 2 transporters, Icepheonix32's ghost, amateur DrFE
There is a stone staircase leading down, spattered with blood here.
Things that are here:
a +0 club; a +0 club A toenail golem comes into view.
You squash the toenail golem like an ant!!!
You bite the toenail golem, but do no damage.
The toenail golem is almost destroyed.
You pummel the toenail golem!!
You destroy the toenail golem!
No target in view!
There is an open door here.
There is an escape hatch in the ceiling here.
A mysterious force pulls you upwards. The hatch slams shut behind you.
Level annotation: exclusion: downstairs An Executioner comes into view.
You can't go up here!
The Executioner gestures.
The Executioner seems to speed up.
You block the Executioner's attack. x2; The Executioner barely misses you.
The Executioner hits you! You block the Executioner's attack.
The Executioner hits you but does no damage.
You block the Executioner's attack.
The Executioner hits you but does no damage. x2
You barely miss the Executioner. Your bite misses the Executioner.
You block the Executioner's attack. x2
The Executioner hits you but does no damage.
You pummel the Executioner!! You bite the Executioner.
The Executioner's magic leaks into the air.
You drain its magic.
You feel invigorated.
The Executioner is heavily wounded.
The Executioner hits you but does no damage.
You block the Executioner's attack. x2; The Executioner misses you.
You block the Executioner's attack. x2
You squash the Executioner like an ant!!!
You kill the Executioner!
No target in view!
HP restored.
A rust devil comes into view.
You can't go up here!
You hit the rust devil but do no damage.
You bite the rust devil! You drain its power.
The rust devil is moderately wounded.
You pulverise the rust devil!!!
You kill the rust devil!
No target in view!
No target in view!
A cacodemon and a sixfirhy come into view.
You can't go up here!
There is a stone staircase leading up here.
The cacodemon gestures at you. You resist with almost no effort.
You fly upwards.
There is a stone staircase leading down here.
A rat comes into view.
A rakshasa comes into view. It is wielding a +0 trident.
There is an open door here.
The rakshasa weaves an illusion.
The rat shimmers and seems to become two!
The rakshasa blinks!
There is a staircase leading out of the dungeon here.
Unknown command.
Casting: Passage of Golubria (mildly dangerous; 1% risk of failure)
Confirm with . or Enter, or press ? or * to list all spells.
Space momentarily warps into an impossible shape!
You closely miss the rat.
You beat the rat into a bloody pulp!!!
You kill the rat!
Casting: Manifold Assault (dangerous; 4% risk of failure)
Confirm with . or Enter, or press ? or * to list all spells.
Space momentarily warps into an impossible shape!
You punch the rat!
You kill the rat!
The rat's corpse shimmers and vanishes!
Casting: Manifold Assault (dangerous; 4% risk of failure)
Confirm with . or Enter, or press ? or * to list all spells.
Space momentarily warps into an impossible shape!
You barely miss the rakshasa.
Casting: Manifold Assault (dangerous; 4% risk of failure)
Confirm with . or Enter, or press ? or * to list all spells.
Space momentarily warps into an impossible shape!
You pummel the rakshasa like a punching bag!!!
Casting: Manifold Assault (dangerous; 4% risk of failure)
Confirm with . or Enter, or press ? or * to list all spells.
Space momentarily warps into an impossible shape!
You punch the rakshasa!
Casting: Manifold Assault (dangerous; 4% risk of failure)
Confirm with . or Enter, or press ? or * to list all spells.
Space momentarily warps into an impossible shape!
You barely miss the rakshasa.
Casting: Manifold Assault (dangerous; 4% risk of failure)
Confirm with . or Enter, or press ? or * to list all spells.
Space momentarily warps into an impossible shape!
You barely miss the rakshasa.
Casting: Manifold Assault (dangerous; 4% risk of failure)
Confirm with . or Enter, or press ? or * to list all spells.
Space momentarily warps into an impossible shape!
You squash the rakshasa like an ant!!!
You kill the rakshasa!
* * * LOW MAGIC WARNING * * *
Unknown command.
You have escaped!

............#########.##.# #.#
............# #.##.## #.#
............#########.##..###.#
......................##......#
............#######'#######.###
............# #...# #.#
............# #...# #.#
............# ###...### #.#
#####.......# #@......# #.#####
#####...(...####.......####......
....#.......#.............#......
....#.......'......⌠......#......
....#.......#....)........#.#####
....#....#######.......####.#
..........# #.......# #.##
..........# ###...### #..#
....#.....### #...# ##.##


There were no monsters in sight!

Vanquished Creatures
  the Royal Jelly (Slime:5)
  A seraph (D:11)
  4 dread liches
  Mennas (Depths:4)
  2 ancient liches
  8 orbs of fire (Zot:5)
  Boris (Crypt:2)
  Vv (Zot:3)
  2 Killer Klowns
  3 curse toes
  Frederick (Depths:3)
  Saint Roka (Crypt:2)
  3 caustic shrikes
  Xtahua (Crypt:2)
  12 golden dragons
  2 electric golems (Zot:5)
  17 tentacled monstrosities
  Zenata (Crypt:1)
  Jorgrun (Orc:2)
  24 Orb Guardians
  A walking frostbound tome (Depths:3)
  A walking earthen tome (Depths:2)
  12 quicksilver dragons
  2 deep elf blademasters
  10 liches
  6 titans
  2 deep elf master archers (Elf:3)
  4 ancient champions
  An Executioner (D:2)
  12 death cobs
  21 acid blobs
  Polyphemus (Shoals:2)
  10 sphinxes
  11 tengu reavers
  9 draconian monks
  18 storm dragons
  8 shadow dragons
  8 rockslimes
  15 fire giants
  7 nagarajas
  4 revenants
  11 azure jellies
  4 draconian knights
  17 frost giants
  8 deep elf sorcerers
  4 orc warlords
  3 iron dragons
  Louise (Depths:4)
  A demonspawn warmonger (D:6)
  2 draconian stormcallers
  Aizul (Shoals:1)
  4 draconian scorchers
  6 deep elf elementalists
  6 draconian shifters
  17 vault wardens
  2 curse skulls
  An angel (D:11)
  2 ghost moths (Zot:3)
  4 ghouls (Crypt:2)
  22 ironbound preservers
  The ghost of LustLizard the Unseen, an adept SpAM of Dithmenos (Shoals:1)
  A reaper (D:6)
  7 quicksilver oozes
  12 ironbound thunderhulks
  6 spriggan defenders
  2 draconian annihilators
  4 war gargoyles
  11 very ugly things
  11 green draconians
  18 stone giants
  6 deep elf demonologists
  8 vampire knights
  10 yellow draconians
  10 black draconians
  7 dire elephants
  9 purple draconians
  10 deep elf annihilators
  3 entropy weavers
  6 white draconians
  14 red draconians
  4 spark wasps
  10 ettins
  11 deep elf death magi
  A crystal guardian (Vaults:3)
  2 merfolk impalers (Shoals:4)
  2 jiangshi (Crypt:1)
  4 eidola
  6 merfolk javelineers
  Josephine (Lair:2)
  6 fire dragons
  16 yaktaur captains
  10 great orbs of eyes
  9 deep elf high priests
  8 ice dragons
  Fannar (Lair:2)
  6 salamander tyrants
  2 peacekeepers
  35 vault guards
  5 hydras
  2 boulder beetles
  2 catoblepae
  4 rakshasas
  Erica (Lair:2)
  2 ogre magi (Vaults:5)
  16 naga warriors
  10 anacondas
  2 merfolk avatars
  A spriggan skeleton (Crypt:3)
  13 two-headed ogres
  10 spriggan air magi
  10 centaur warriors
  7 deep troll shamans
  11 ironbound frosthearts
  14 dancing weapons
  2 merfolk aquamancers (Shoals:3)
  3 death knights
  11 death yaks
  An Orb Guardian skeleton (Crypt:1)
  9 vampire magi
  8 deep troll earth magi
  A satyr (Shoals:3)
  A satyr (shapeshifter) (Depths:3)
  3 orc high priests (Orc:2)
  9 tengu warriors
  14 naga sharpshooters
  5 spriggan berserkers
  10 hell knights
  Sonja (D:11)
  7 shock serpents
  3 soul eaters
  5 spriggans
  18 deep elf knights
  Nergalle (Lair:2)
  A sun demon (D:12)
  3 salamander mystics
  A fire crab (shapeshifter) (Vaults:5)
  17 skeletal warriors
  A titan skeleton (Crypt:3)
  4 iron trolls
  A bunyip zombie (Crypt:1)
  A cherub (D:11)
  A shadow wraith (Crypt:2)
  10 sea snakes
  A storm dragon skeleton (Crypt:1)
  8 lindwurms
  A spriggan simulacrum (Crypt:1)
  6 flayed ghosts
  70 deep trolls
  4 glowing orange brains
  8 naga ritualists
  7 wizards
  A tengu zombie (Crypt:1)
  16 deep elf archers
  A kraken simulacrum (Shoals:2)
  32 deep elf pyromancers
  16 phantasmal warriors
  15 ironbound convokers
  A wolf spider zombie (Crypt:1)
  A shadow dragon zombie (Crypt:1)
  7 necromancers
  30 harpies
  18 deep elf zephyrmancers
  15 manticores
  6 shining eyes
  15 orc knights
  A stone giant zombie (D:15)
  An oklob plant (Lair:4)
  6 fauns
  An anaconda skeleton (Crypt:2)
  18 mana vipers
  10 ugly things
  A fire giant zombie (Crypt:1)
  19 salamanders
  6 orc sorcerers
  A fire giant skeleton (D:15)
  33 moths of wrath
  2 frost giant zombies (D:15)
  A human skeleton (Vaults:1)
  9 cyclopes
  8 guardian serpents
  A toenail golem (D:3)
  6 merfolk sirens
  24 vault sentinels
  18 elephants
  11 naga magi
  An elephant (shapeshifter) (Depths:2)
  37 black mambas
  Joseph (D:7)
  An ice statue (D:11)
  Maurice (Orc:1)
  A rust devil (D:2)
  5 water nymphs
  7 torpor snails
  2 water nymphs (shapeshifter)
  7 smoke demons
  4 gargoyles (Crypt:3)
  Maggie (D:6)
  14 cane toads
  2 unseen horrors
  2 naga skeletons (Crypt:3)
  2 centaur skeletons
  A demonic crawler (Depths:3)
  11 komodo dragons
  43 yaktaurs
  4 rime drakes
  7 ice devils (D:11)
  A swamp worm zombie (Crypt:1)
  5 freezing wraiths
  A redback zombie (Crypt:2)
  3 efreet (Zot:2)
  3 red devils (Crypt:3)
  An iron troll skeleton (Crypt:1)
  3 guardian mummies (Crypt:3)
  A harpy zombie (Crypt:1)
  12 trolls
  A tarantella (Vaults:3)
  A meliai (D:14)
  4 tengu conjurers
  2 harpy skeletons (Crypt:3)
  23 merfolk
  A hydra skeleton (Crypt:3)
  A tengu simulacrum (Vaults:4)
  10 dream sheep
  9 wind drakes
  2 polar bears
  8 snapping turtles
  116 slime creatures
  26 blink frogs
  An ettin zombie (Vaults:1)
  4 tyrant leeches (Lair:5)
  A dream sheep (shapeshifter) (Depths:4)
  A tarantella (shapeshifter) (Depths:4)
  9 hornets
  Sigmund (D:3)
  6 air elementals
  6 centaur simulacra
  6 shadows
  An ettin skeleton (Crypt:1)
  9 flying skulls
  A culicivora (shapeshifter) (Elf:3)
  16 water elementals
  13 wraiths
  A black mamba zombie (Crypt:1)
  A vampire (D:11)
  4 wyverns
  An alligator snapping turtle simulacrum (Shoals:2)
  4 basilisks
  39 yaks
  4 steam dragons
  3 redbacks (Vaults:3)
  A fire elemental (Elf:3)
  7 golden eyes
  A steam dragon (shapeshifter) (Vaults:4)
  5 vampire mosquitoes
  3 sea snake simulacra (Shoals:2)
  Menkaure (D:5)
  2 death yak simulacra (Shoals:2)
  4 wargs
  A deep troll zombie (Crypt:2)
  3 demonspawn zombies
  A harpy simulacrum (Shoals:2)
  17 water moccasins
  49 nagas
  An acid dragon (Lair:5)
  A hell hound (D:12)
  A two-headed ogre skeleton (Crypt:1)
  A deep troll skeleton (Crypt:2)
  4 black bears
  2 floating eyes (Depths:2)
  26 orc warriors
  2 swamp drakes
  2 sky beasts (D:6)
  An ice beast (shapeshifter) (Depths:2)
  A deep troll simulacrum (Vaults:4)
  6 ice beasts
  18 ogres
  9 centaurs
  A phantom (D:6)
  2 kobold brigands
  A vine stalker zombie (Crypt:1)
  13 bullfrogs
  4 earth elementals
  A gnoll sergeant (D:9)
  5 faun simulacra (Shoals:2)
  3 merfolk simulacra (Shoals:2)
  2 necrophages
  4 scorpions
  15 wights
  A water moccasin skeleton (Crypt:2)
  A warg skeleton (Crypt:1)
  2 manticore simulacra (Shoals:2)
  3 killer bees (D:6)
  7 electric eels
  2 snapping turtle simulacra (Shoals:2)
  A howler monkey (D:5)
  A wolf zombie (Crypt:1)
  2 quasits
  10 jellies
  17 orc priests
  A bullfrog skeleton (Crypt:1)
  4 hounds
  A cyclops simulacrum (Shoals:2)
  3 iguanas
  Ijyb (D:3)
  Terence (D:2)
  Natasha (thrice) (D:3)
  29 orc wizards
  2 hell rats (D:11)
  8 mummies (Crypt:3)
  Robin (D:3)
  3 gnolls (D:9)
  8 adders
  3 river rats (D:11)
  7 shadow imps
  11 white imps
  7 ufetubi
  2 worms (D:2)
  4 dart slugs
  91 orcs
  6 ball pythons
  2 bats
  A bat skeleton (Crypt:2)
  17 endoplasms
  4 giant cockroaches
  A giant cockroach (shapeshifter) (Depths:2)
  A gnoll zombie (Crypt:2)
  18 goblins
  9 hobgoblins
  8 jackals
  14 kobolds
  5 quokkas
  A frilled lizard (D:3)
  13 rats
  2 rat zombies (D:13)
  A lurking horror (Lair:2)
  2 plants (Lair:5)
2457 creatures vanquished.

Vanquished Creatures (collateral kills)
  A naga warrior (Snake:3)
  A deep elf knight (Elf:2)
  2 harpies (Shoals:3)
  2 orcs (Orc:1)
6 creatures vanquished.

Vanquished Creatures (others)
  Sojobo (Crypt:2)
  Donald (Shoals:4)
  A vault warden (Vaults:1)
  A red draconian (Zot:5)
  A merfolk javelineer (Shoals:4)
  A merfolk impaler (Shoals:4)
  A merfolk avatar (Shoals:4)
  A sea snake (Shoals:4)
  A deep elf pyromancer (Elf:1)
  A black mamba (Snake:1)
  A yaktaur (Vaults:1)
  9 merfolk (Shoals:4)
  A meliai (D:14)
  A naga (Snake:1)
  2 ogres (Zot:2)
  A human simulacrum (Vaults:1)
  2 orc priests (Orc:2)
  2 orc wizards
  2 ufetubi (D:11)
  2 orcs (Orc:2)
  12 demonic plants (D:7)
  54 fungi
  A lurking horror (Lair:2)
  176 plants
  8 tentacles (Shoals:2)
  15 withered plants
299 creatures vanquished.

Grand Total: 2762 creatures vanquished

Notes
Turn   | Place    | Note
-------+----------+-------------------------------------------
     0 | D:1      | sleeves the Vine Stalker Arcane Marksman began the quest
                  | for the Orb.
     0 | D:1      | Reached XP level 1. HP: 9/9 MP: 3/3
    12 | D:1      | You fall into a shaft and drop 1 floor!
    78 | D:2      | Reached skill level 1 in Unarmed Combat
   204 | D:1      | Reached XP level 2. HP: 14/14 MP: 4/4
   248 | D:1      | Reached skill level 2 in Ranged Weapons
   658 | D:1      | Reached skill level 2 in Unarmed Combat
   741 | D:1      | Found a faded altar of an unknown god.
   789 | D:1      | Reached XP level 3. HP: 17/17 MP: 5/5
   797 | D:1      | HP: 7/17 [goblin/+0 dagger (3)]
  1186 | D:1      | Learned a level 1 spell: Beastly Appendage
  1582 | D:2      | HP: 7/17 [adder (2)]
  1586 | D:2      | HP: 3/17 [poisoned by an adder]
  1589 | D:1      | HP: 1/17 [poisoned by an adder]
  1984 | D:2      | Noticed Terence
  2025 | D:2      | Killed Terence
  2026 | D:2      | Reached skill level 3 in Ranged Weapons
  2026 | D:2      | Reached skill level 3 in Unarmed Combat
  2026 | D:2      | Gained mutation: Your natural rate of healing is unusually
                  | fast. [Vine Stalker growth]
  2026 | D:2      | Reached XP level 4. HP: 14/21 MP: 3/6
  2731 | D:3      | Noticed Natasha
  2771 | D:3      | Noticed Sigmund
  2995 | D:3      | Noticed Robin
  3009 | D:2      | Reached XP level 5. HP: 25/25 MP: 7/7
  3292 | D:3      | Reached skill level 4 in Unarmed Combat
  3468 | D:3      | Found a transporter.
  3553 | D:3      | Noticed Ijyb
  3556 | D:3      | HP: 7/25 [Ijyb/bolt of acid (18)]
  3771 | D:3      | Killed Robin
  4044 | D:3      | Noticed Icepheonix32's ghost (amateur DrFE)
  4234 | D:3      | Reached skill level 5 in Unarmed Combat
  4261 | D:3      | Reached XP level 6. HP: 28/29 MP: 8/8
  4490 | D:4      | Reached skill level 6 in Unarmed Combat
  4605 | D:4      | Identified the +1 chain mail of Untruth {rN+ Stlth+}
  4714 | D:4      | Reached XP level 7. HP: 32/32 MP: 7/9
  4956 | D:4      | Reached skill level 7 in Unarmed Combat
  5240 | D:5      | Entered Level 5 of the Dungeon
  5330 | D:5      | Found Ohouhoh's Armour Shop.
  5413 | D:5      | Reached skill level 8 in Unarmed Combat
  5562 | D:5      | Gained mutation: You have razor-sharp teeth. [Vine Stalker
                  | growth]
  5562 | D:5      | Reached XP level 8. HP: 25/37 MP: 6/10
  5737 | D:4      | Reached skill level 9 in Unarmed Combat
  6131 | D:5      | Noticed Menkaure
  6154 | D:5      | Killed Menkaure
  6155 | D:5      | Reached skill level 1 in Fighting
  6638 | D:5      | Reached skill level 4 in Ranged Weapons
  6638 | D:5      | Reached skill level 1 in Armour
  6822 | D:6      | Reached skill level 10 in Unarmed Combat
  6913 | D:6      | Found a shimmering altar of Xom.
  6914 | D:6      | Found a hazy altar of Hepliaklqana.
  6915 | D:6      | Noticed a spectral ugly thing
  6915 | D:6      | Noticed a thorn hunter
  6966 | D:6      | Reached skill level 2 in Fighting
  6999 | D:6      | Reached XP level 9. HP: 42/42 MP: 11/11
  7076 | D:6      | Found a staircase to the Ecumenical Temple.
  7120 | Temple   | Entered the Ecumenical Temple
  7180 | Temple   | Became a worshipper of Elyvilon the Healer
  7258 | D:6      | Reached skill level 5 in Ranged Weapons
  7258 | D:6      | Reached skill level 2 in Armour
  7520 | D:6      | Found a shadowy altar of Dithmenos.
  7520 | D:6      | Found a shimmering blue altar of Sif Muna.
  7597 | D:7      | Noticed Joseph
  7757 | D:7      | Noticed Maggie
  7768 | D:6      | Reached skill level 1 in Invocations
  7857 | D:5      | Reached skill level 3 in Fighting
  7946 | D:6      | Killed Maggie
  8003 | D:6      | Reached skill level 6 in Ranged Weapons
  8453 | D:3      | Killed Natasha
  8494 | D:3      | Killed Sigmund
  8495 | D:3      | Reached skill level 3 in Armour
  8495 | D:3      | Reached skill level 2 in Invocations
  8513 | D:3      | Killed Ijyb
  8562 | D:3      | Found a transporter.
  8698 | D:3      | Noticed Natasha
  8704 | D:3      | Killed Natasha
  8719 | D:3      | Noticed Natasha
  8724 | D:3      | Killed Natasha
  8873 | D:7      | Reached skill level 4 in Fighting
  8976 | D:6      | Reached skill level 7 in Ranged Weapons
  9112 | D:7      | Reached XP level 10. HP: 51/51 MP: 5/13
  9214 | D:7      | Reached skill level 4 in Armour
  9299 | D:7      | Reached skill level 3 in Invocations
  9407 | D:7      | Reached * piety under Elyvilon
  9459 | D:7      | Killed Joseph
  9460 | D:7      | Reached skill level 5 in Fighting
  9460 | D:7      | Reached skill level 8 in Ranged Weapons
  9975 | D:8      | Found a radiant altar of Vehumet.
 10057 | D:8      | Reached skill level 5 in Armour
 10202 | D:8      | Found an opulent altar of Gozag.
 10203 | D:8      | Found a glowing silver altar of Zin.
 10510 | D:8      | Found Vumitoipn's Magic Scroll Boutique.
 10782 | D:9      | Reached ** piety under Elyvilon
 10802 | D:9      | Found an ornate altar of the Wu Jian Council.
 11164 | D:9      | Reached skill level 4 in Invocations
 11251 | D:9      | Reached skill level 6 in Fighting
 11283 | D:9      | Reached skill level 9 in Ranged Weapons
 11383 | D:9      | Found a runed translucent gate.
 11390 | D:9      | Found a runed translucent gate.
 11392 | D:9      | Found a runed translucent gate.
 11437 | D:9      | Reached XP level 11. HP: 58/58 MP: 15/15
 11463 | D:9      | Reached skill level 6 in Armour
 11490 | D:9      | Found an opulent altar of Gozag.
 11493 | D:9      | Noticed beryleye's ghost (novice GnFi)
 11769 | D:9      | Noticed a white ugly thing
 11769 | D:9      | Noticed a deep elf knight
 11769 | D:9      | Noticed a five-headed hydra
 11786 | D:10     | Entered Level 10 of the Dungeon
 11816 | D:10     | Reached skill level 7 in Fighting
 11838 | D:10     | Reached skill level 5 in Invocations
 11896 | D:10     | Reached *** piety under Elyvilon
 12297 | D:10     | Noticed a two-headed ogre
 12391 | D:10     | Killed a two-headed ogre
 12607 | D:11     | Reached skill level 7 in Armour
 12726 | D:11     | HP: 29/60 [polar bear (8)]
 12736 | D:10     | HP: 27/60 [ice beast (9)]
 12859 | D:11     | Noticed a white ugly thing
 12961 | D:12     | Reached skill level 8 in Fighting
 13087 | D:12     | Found Sus Xuga's Assorted Antiques.
 13205 | D:12     | Noticed a deep elf knight
 13205 | D:12     | Noticed a deep elf archer
 13221 | D:12     | Reached **** piety under Elyvilon
 13324 | D:11     | Noticed a death yak
 13324 | D:11     | Noticed a death yak
 13405 | D:12     | Reached skill level 6 in Invocations
 13438 | D:13     | Noticed a boulder beetle
 13512 | D:12     | Noticed a deep elf pyromancer
 13673 | D:11     | Killed a white ugly thing
 13817 | D:11     | Identified the +11 falchion of the New World {venom, rF-
                  | rN+ Str-4 Dex+6}
 14008 | D:5      | Bought a +0 kite shield for 54 gold pieces
 14221 | D:11     | Noticed Sonja
 14238 | D:11     | Killed Sonja
 14239 | D:11     | Reached skill level 1 in Shields
 14239 | D:11     | Reached XP level 12. HP: 64/65 MP: 17/17
 14268 | D:11     | Noticed a two-headed ogre
 14497 | D:11     | Killed a two-headed ogre
 14498 | D:11     | Reached skill level 8 in Armour
 14562 | D:11     | Found a staircase to the Lair.
 14717 | Lair:1   | Entered Level 1 of the Lair of Beasts
 14815 | Lair:1   | Reached skill level 9 in Fighting
 14815 | Lair:1   | Reached skill level 2 in Shields
 14831 | Lair:1   | HP: 33/66 [polar bear (16)]
 15124 | Lair:1   | Reached skill level 7 in Invocations
 15216 | Lair:1   | Reached skill level 3 in Shields
 15250 | Lair:1   | Reached ***** piety under Elyvilon
 15932 | Lair:2   | Reached skill level 4 in Shields
 16138 | Lair:2   | Found an opulent altar of Gozag.
 16231 | Lair:2   | Found a corrupted altar of Lugonu.
 16231 | Lair:2   | Found a one-way gate to the infinite horrors of the Abyss.
 16281 | Lair:2   | Noticed Nergalle
 16282 | Lair:2   | Noticed Fannar
 16404 | Lair:2   | Found a staircase to the Snake Pit.
 16492 | Lair:2   | Killed Fannar
 16493 | Lair:2   | Reached skill level 8 in Invocations
 16640 | Lair:2   | Found a staircase to the Shoals.
 16647 | Lair:2   | Reached skill level 9 in Armour
 16768 | Lair:2   | Killed Nergalle
 16769 | Lair:2   | Reached XP level 13. HP: 72/72 MP: 20/20
 16797 | Lair:2   | Noticed Erica
 16809 | Lair:2   | Killed Erica
 16810 | Lair:2   | Reached skill level 10 in Fighting
 16865 | Lair:2   | Reached skill level 5 in Shields
 17063 | Lair:3   | Noticed Josephine
 17090 | Lair:2   | Killed Josephine
 17174 | Lair:3   | Reached skill level 9 in Invocations
 17384 | Lair:3   | HP: 34/72 [cane toad (14)]
 17445 | Lair:3   | Reached skill level 6 in Shields
 18262 | Lair:4   | HP: 36/72 [eight-headed hydra (9)]
 18274 | Lair:3   | Reached skill level 10 in Armour
 18605 | Lair:4   | Reached ****** piety under Elyvilon
 18650 | Lair:4   | Found a runed translucent gate.
 18650 | Lair:4   | Found a runed translucent gate.
 18650 | Lair:4   | Found a runed translucent gate.
 18650 | Lair:4   | Noticed Iusername's ghost (journeyman MiFi)
 18837 | Lair:4   | Reached skill level 10 in Invocations
 18841 | Lair:4   | Reached skill level 7 in Shields
 19468 | Lair:4   | HP: 34/72 [oklob plant/splash of acid (20)]
 19610 | Lair:5   | Entered Level 5 of the Lair of Beasts
 19690 | Lair:5   | Reached XP level 14. HP: 77/77 MP: 22/22
 19918 | Lair:4   | HP: 34/77 [death yak (16)]
 19924 | Lair:4   | Reached skill level 8 in Shields
 20017 | Lair:5   | Found a runed translucent door.
 20077 | Lair:4   | Reached skill level 11 in Invocations
 20533 | Lair:5   | Found a viscous altar of Jiyva.
 20772 | Lair:4   | Reached skill level 9 in Shields
 21033 | Lair:5   | Found a runed translucent door.
 21479 | Lair:5   | Found a staircase to the Slime Pits.
 21857 | D:11     | Reached skill level 12 in Invocations
 22059 | D:11     | Found a staircase to the Orcish Mines.
 22064 | D:11     | Reached skill level 11 in Unarmed Combat
 22318 | Orc:1    | Entered Level 1 of the Orcish Mines
 22318 | Orc:1    | Noticed Maurice
 22324 | Orc:1    | Killed Maurice
 22709 | Orc:1    | Found Iloicuim's Specific Store.
 22709 | Orc:1    | Found Giakimov's General Store.
 22724 | Orc:1    | Found a runed translucent door.
 22728 | Orc:1    | Found a shimmering altar of Xom.
 22728 | Orc:1    | Noticed wingedge's ghost (journeyman DsEE)
 23024 | Orc:1    | Noticed an orc warlord
 23079 | Orc:1    | Killed an orc warlord
 23079 | Orc:1    | HP: 30/77 [orc priest/divine providence[an orc warlord]
                  | (12)]
 23189 | Orc:1    | Reached skill level 10 in Shields
 23493 | Orc:2    | Entered Level 2 of the Orcish Mines
 23695 | Orc:2    | Reached skill level 2 in Spellcasting
 23768 | Orc:2    | Noticed an orc warlord
 23801 | Orc:2    | Paralysed by an orc sorcerer for 4 turns
 23883 | Orc:1    | HP: 31/75 [orc warlord/+2 vorpal war axe (12)]
 23888 | Orc:1    | HP: 30/75 [orc warlord/+2 vorpal war axe (4)]
 24080 | Orc:2    | Reached XP level 15. HP: 76/77 MP: 25/25
 24805 | Orc:2    | Reached skill level 3 in Spellcasting
 24920 | Orc:2    | Found a staircase to the Elven Halls.
 25139 | Orc:2    | HP: 37/80 [smoke demon/divine providence[an orc high
                  | priest] (12)]
 25140 | Orc:2    | HP: 8/80 [sun demon[an orc high priest] (12)]
 25343 | Orc:2    | HP: 17/80 [orc knight/+0 halberd (31)]
 25625 | Orc:2    | HP: 26/80 [orc knight/+3 great mace of protection (19)]
 25631 | Orc:2    | HP: 19/80 [orc knight/+3 great mace of protection (5)]
 25635 | Orc:2    | HP: 5/80 [orc knight/+3 great mace of protection (24)]
 26481 | Orc:1    | HP: 20/80 [orc warlord/+2 vorpal war axe (27)]
 26718 | Orc:2    | Reached skill level 4 in Spellcasting
 26739 | Orc:2    | Found Qicuyxt's Antique Weapon Shop.
 26739 | Orc:2    | Found Xicyl's Assorted Antiques.
 26761 | Orc:2    | Found Tipnimos's Book Shop.
 26761 | Orc:2    | Found Seabruug's General Store.
 27053 | D:12     | Reached skill level 12 in Unarmed Combat
 27432 | D:12     | HP: 40/80 [large slime creature (18)]
 27434 | D:12     | HP: 17/80 [large slime creature (28)]
 27846 | D:13     | Found an ancient bone altar of Kikubaaqudgha.
 28058 | D:13     | Reached skill level 5 in Spellcasting
 28266 | D:13     | Found a gate to the Vaults.
 28361 | D:13     | Reached skill level 11 in Shields
 28395 | D:13     | Identified the +1 chain mail "Meyps" {Dex+5 Stlth+}
 28752 | D:14     | HP: 38/80 [meliai/+0 broad axe (7)]
 29227 | D:15     | Entered Level 15 of the Dungeon
 29433 | D:15     | HP: 37/80 [skeletal warrior/+0 battleaxe (10)]
 29434 | D:15     | Reached skill level 6 in Spellcasting
 29653 | D:15     | Found a staircase to the Depths.
 30207 | D:15     | HP: 27/74 [stone giant zombie (14)]
 30215 | D:15     | HP: 34/74 [stone giant zombie (7)]
 30479 | D:15     | Reached skill level 13 in Unarmed Combat
 30999 | Snake:1  | Entered Level 1 of the Snake Pit
 31285 | Snake:1  | Reached skill level 7 in Spellcasting
 31285 | Snake:1  | Reached XP level 16. HP: 50/85 MP: 13/27
 31285 | Snake:1  | HP: 39/106 [naga/+1 vampiric scimitar (19)]
 31290 | Snake:1  | HP: 45/106 [naga warrior/+0 trident (10)]
 31326 | Snake:1  | HP: 40/106 [naga warrior/+0 trident (21)]
 31485 | Lair:2   | HP: 42/85 [constriction (1)]
 31643 | Snake:1  | HP: 42/85 [naga sharpshooter/arrow (13)]
 31702 | Snake:1  | HP: 42/85 [naga sharpshooter/bolt (8)]
 31862 | Snake:1  | Reached skill level 12 in Shields
 32282 | Snake:1  | Found Zyire's Distillery.
 32282 | Snake:1  | Found Oqakoz's Antique Armour Emporium.
 32296 | Snake:1  | Bought a pair of smoking gloves for 228 gold pieces
 32296 | Snake:1  | Identified the -1 pair of gloves of Sunlight {rElec rF+
                  | Str+4} (You bought it in a shop on level 1 of the Snake
                  | Pit)
 32674 | Snake:1  | Reached skill level 14 in Unarmed Combat
 33214 | Snake:2  | HP: 42/85 [naga/+0 glaive (11)]
 33344 | Snake:2  | Found an ornate altar of the Wu Jian Council.
 33469 | Snake:2  | Found Enlosetz's Magic Scroll Shop.
 33490 | Snake:2  | HP: 42/85 [salamander/+0 spear (3)]
 33587 | Snake:2  | HP: 40/85 [black mamba[a naga ritualist] (5)]
 33592 | Snake:2  | HP: 25/85 [naga warrior/+0 spear (6)]
 33601 | Snake:2  | HP: 38/85 [black mamba[a naga ritualist] (8)]
 33606 | Snake:2  | HP: 33/85 [poisoned by a naga ritualist (toxic radiance)]
 33611 | Snake:2  | HP: 34/85 [poisoned by a naga ritualist (toxic radiance)]
 33737 | Snake:2  | Reached skill level 15 in Unarmed Combat
 34126 | Snake:2  | HP: 37/85 [salamander/+0 halberd (7)]
 34577 | Snake:3  | Found a transporter.
 34704 | Snake:3  | Noticed a nagaraja
 34705 | Snake:3  | Noticed a nagaraja
 34709 | Snake:3  | HP: 41/85 [poisoned by a nagaraja (poison arrow)]
 34714 | Snake:2  | CougarLife: wow
 34714 | Snake:2  | HP: 32/85 [poisoned by a nagaraja (poison arrow)]
 34719 | Snake:2  | HP: 32/85 [poisoned by a nagaraja (poison arrow)]
 34765 | Snake:2  | CougarLife: that was scary
 34773 | Snake:2  | sleeves: its been terrifying
 34773 | Snake:2  | CougarLife: snake often is
 34776 | Snake:3  | CougarLife: ive been lucky my last few runs coming in here
 34845 | Snake:2  | CougarLife: wait this isnt the gnoll
 34847 | Snake:2  | CougarLife: did you die on the gnoll or win
 34848 | Snake:2  | Reached skill level 16 in Unarmed Combat
 34882 | Snake:2  | CougarLife: !lw
 34882 | Snake:2  | sleeves: !lg
 34882 | Snake:2  | beem: 7197. sleeves the Imperceptible (L27 GnDe of
                  | Yredelemnul), escaped with the Orb and 4 runes on
                  | 2022-09-23 01:04:30, with 1678129 points after 130458 turns
                  | and 7:46:14.
 34882 | Snake:2  | CougarLife: nice
 34882 | Snake:2  | sleeves: im feeling bad about this run
 34882 | Snake:2  | CougarLife: well
 34882 | Snake:2  | sleeves: even though its been relatively oka
 34882 | Snake:2  | sleeves: okay
 34882 | Snake:2  | CougarLife: youre at snake at 34k turns
 34882 | Snake:2  | CougarLife: would say things are going okay lol
 34882 | Snake:2  | sleeves: cuz im a vine
 34896 | Snake:2  | CougarLife: you have a useless god so yeah prolly not going
                  | great lol
 34898 | Snake:2  | HP: 42/85 [black mamba (1)]
 34934 | Snake:2  | HP: 41/85 [poisoned by a naga ritualist (toxic radiance)]
 34939 | Snake:2  | HP: 39/85 [poisoned by a naga ritualist (toxic radiance)]
 35029 | Snake:2  | CougarLife: whats your uc at
 35029 | Snake:2  | CougarLife: nice
 35029 | Snake:2  | CougarLife: i wanna do a fire caster
 35029 | Snake:2  | CougarLife: but their starting spells suck ass
 35029 | Snake:2  | sleeves: it is the best
 35029 | Snake:2  | sleeves: nah its relatively okay
 35029 | Snake:2  | sleeves: just weird play style
 35029 | Snake:2  | CougarLife: i hate foxfire
 35029 | Snake:2  | sleeves: not as good as it used to be th
 35029 | Snake:2  | CougarLife: yeah i was also wondering
 35029 | Snake:2  | sleeves: u just gotta go veh or sif
 35029 | Snake:2  | CougarLife: if firestorm was weaker than it was back in
                  | like .19
 35029 | Snake:2  | sleeves: idk prolly
 35029 | Snake:2  | CougarLife: cringe
 35029 | Snake:2  | sleeves: everything got nerfed
 35029 | Snake:2  | CougarLife: mega cringe
 35029 | Snake:2  | sleeves: but its still good last i checked
 35029 | Snake:2  | CougarLife: prolly
 35029 | Snake:2  | sleeves: they gave em ignition
 35029 | Snake:2  | CougarLife: its regarded as one of the best destruction
                  | spells
 35029 | Snake:2  | CougarLife: if not the best
 35029 | Snake:2  | sleeves: ignition can do more damage than any spell
 35029 | Snake:2  | CougarLife: ignition is weird tho
 35029 | Snake:2  | sleeves: it is but it destroys
 35029 | Snake:2  | CougarLife: oh ignition is not what i thought it was
 35029 | Snake:2  | CougarLife: yeah that spell sounds like it fucks
 35029 | Snake:2  | CougarLife: wow holy fuck
 35029 | Snake:2  | CougarLife: the caster cant be harmed by ignition
 35029 | Snake:2  | CougarLife: or casters allies
 35029 | Snake:2  | CougarLife: thats wild
 35029 | Snake:2  | CougarLife: for a spell like that
 35029 | Snake:2  | sleeves: yeah its sick
 35029 | Snake:2  | CougarLife: thats insanely strong
 35029 | Snake:2  | sleeves: id suggest going fire with earth
 35029 | Snake:2  | sleeves: you get strong single target and aoe
 35029 | Snake:2  | CougarLife: starting earth prolly smarter then
 35029 | Snake:2  | CougarLife: cuz fire sucks early imo
 35029 | Snake:2  | sleeves: ee is my favorite start for a mage
 35029 | Snake:2  | sleeves: Im gonna go afk here for a bit playing Risk of
                  | rain again
 35029 | Snake:2  | CougarLife: ee?
 35029 | Snake:2  | sleeves: but try it out
 35029 | Snake:2  | CougarLife: oh earth elementalist
 35029 | Snake:2  | CougarLife: yeah thats what i was gonna try next
 35081 | Snake:2  | HP: 17/85 [nagaraja/+0 halberd (29)]
 35205 | Snake:2  | Killed a nagaraja
 35257 | Snake:1  | HP: 41/85 [constriction (2)]
 35262 | Snake:1  | HP: 27/85 [poisoned by a naga warrior (splash of poison)]
 35467 | Snake:3  | Killed a nagaraja
 35525 | Snake:3  | HP: 40/85 [naga sharpshooter/arrow (8)]
 35527 | Snake:3  | HP: 18/85 [naga sharpshooter/arrow (17)]
 35530 | Snake:3  | HP: 1/85 [naga/+0 halberd (14)]
 35531 | Snake:3  | Elyvilon protects you from harm!
 35665 | Snake:3  | Reached XP level 17. HP: 80/90 MP: 28/28
 35905 | Snake:3  | Found a transporter.
 36142 | Snake:3  | Identified the +10 falchion "Bauxargho" {spect, Stlth+}
 36427 | Snake:4  | Entered Level 4 of the Snake Pit
 36474 | Snake:3  | HP: 41/91 [naga/+0 scimitar (7)]
 36479 | Snake:3  | Reached skill level 17 in Unarmed Combat
 36524 | Snake:4  | Reached skill level 11 in Fighting
 36692 | Snake:3  | HP: 45/91 [constriction (3)]
 37021 | Snake:4  | HP: 45/91 [poisoned by a naga ritualist (toxic radiance)]
 37026 | Snake:4  | HP: 27/91 [poisoned by a naga ritualist (splash of poison)]
 37031 | Snake:4  | HP: 25/91 [poisoned by a naga ritualist (splash of poison)]
 37599 | Snake:4  | Found a broken altar of Ashenzari.
 38300 | Snake:4  | Reached skill level 12 in Fighting
 38476 | Snake:4  | HP: 39/90 [shock serpent/bolt of electricity (7)]
 38495 | Snake:4  | HP: 44/90 [shock serpent/bolt of electricity (6)]
 38504 | Snake:3  | HP: 42/90 [shock serpent (6)]
 39054 | Snake:4  | Reached skill level 18 in Unarmed Combat
 39102 | Snake:4  | HP: 36/93 [salamander tyrant/flame surge (16)]
 39287 | Snake:4  | Noticed a quicksilver dragon
 39449 | Shoals:1 | Entered Level 1 of the Shoals
 39465 | Shoals:1 | Noticed Aizul
 39491 | Shoals:1 | Killed Aizul
 39833 | Shoals:1 | Found Otsajar's Overcharged Wands.
 40102 | Shoals:1 | Found a large runed translucent door.
 40484 | Shoals:1 | Found a large runed translucent door.
 40486 | Shoals:1 | Noticed LustLizard's ghost (adept SpAM)
 40524 | Shoals:1 | Reached XP level 18. HP: 77/99 MP: 21/29
 40842 | Shoals:1 | Killed LustLizard's ghost
 40848 | Shoals:1 | Identified the ring "Qarr" {Fly Str+6 Int+5 Stlth-}
 40859 | Shoals:1 | Got the Exposition on Shivering Metamorphosis
 40894 | Shoals:2 | Found a runed translucent gate.
 40894 | Shoals:2 | Found a runed translucent gate.
 40894 | Shoals:2 | Found a runed translucent gate.
 40922 | Shoals:2 | HP: 45/99 [harpy (6)]
 41001 | Shoals:2 | Noticed Polyphemus
 41036 | Shoals:1 | Reached skill level 13 in Fighting
 41086 | Shoals:2 | Killed Polyphemus
 41263 | Shoals:2 | HP: 48/100 [merfolk/+0 trident[a merfolk aquamancer] (10)]
 41278 | Shoals:2 | HP: 45/100 [wind drake/the air (13)]
 41283 | Shoals:2 | HP: 37/100 [merfolk/+0 trident[a merfolk aquamancer] (8)]
 42457 | Shoals:3 | HP: 50/100 [poisoned by a sea snake]
 42462 | Shoals:3 | HP: 40/100 [poisoned by a sea snake]
 42467 | Shoals:3 | HP: 39/100 [poisoned by a sea snake]
 42541 | Shoals:3 | Identified the +6 mace "Peted" {antimagic, rN+ Dex-4 SInv
                  | Stlth+}
 42563 | Shoals:3 | Reached skill level 19 in Unarmed Combat
 42707 | Shoals:3 | HP: 45/101 [merfolk/boomerang[a merfolk aquamancer] (12)]
 42715 | Shoals:3 | HP: 28/101 [harpy (6)]
 43185 | Shoals:3 | HP: 43/101 [harpy (8)]
 43190 | Shoals:3 | HP: 34/101 [harpy (1)]
 43369 | Shoals:4 | Entered Level 4 of the Shoals
 43517 | Shoals:4 | Reached skill level 14 in Fighting
 43633 | Shoals:4 | Noticed Donald
 43665 | Shoals:4 | HP: 41/102 [merfolk javelineer/javelin (13)]
 43672 | Shoals:4 | HP: 45/102 [merfolk javelineer/javelin (2)]
 43679 | Shoals:4 | Killed Donald
 43679 | Shoals:4 | HP: 61/127 [merfolk javelineer/silver javelin (5)]
 43686 | Shoals:4 | HP: 52/127 [merfolk javelineer/silver javelin (1)]
 43691 | Shoals:4 | HP: 49/127 [merfolk javelineer/silver javelin (7)]
 43754 | Shoals:4 | HP: 51/102 [merfolk javelineer/javelin (14)]
 43837 | Shoals:4 | HP: 47/102 [merfolk javelineer/silver javelin (10)]
 43905 | Shoals:4 | Got a barnacled rune of Zot
 43923 | Shoals:4 | HP: 50/102 [barbs]
 44651 | Shoals:4 | Identified the +0 hat of Patterns {rC+ Stlth+}
 45047 | Vaults:1 | Entered Level 1 of the Vaults
 45199 | Vaults:1 | HP: 49/102 [vault warden/+0 great sword (22)]
 45202 | Vaults:1 | Reached XP level 19. HP: 53/107 MP: 19/30
 45216 | Vaults:1 | HP: 49/107 [dire elephant (18)]
 45221 | Vaults:1 | HP: 25/107 [dire elephant (22)]
 45326 | Vaults:1 | HP: 49/107 [dire elephant (23)]
 45339 | Vaults:1 | Reached skill level 20 in Unarmed Combat
 45342 | D:13     | HP: 41/107 [orc warlord/+2 long sword (27)]
 45346 | D:13     | Elyvilon protects you from harm!
 45351 | D:13     | HP: 17/107 [orc warlord/+2 long sword (12)]
 45446 | Vaults:1 | Reached skill level 15 in Fighting
 45542 | Vaults:1 | You are sucked into a shaft and drop 1 floor!
 46106 | Vaults:1 | HP: 52/108 [yaktaur[a vault warden] (7)]
 46775 | Vaults:1 | HP: 42/102 [tengu reaver/+0 great sword of holy wrath (16)]
 46775 | Vaults:1 | HP: 18/102 [ironbound frostheart (7)]
 46872 | Vaults:1 | Reached skill level 2 in Dodging
 47015 | Vaults:1 | Reached skill level 3 in Dodging
 47227 | Elf:1    | Entered Level 1 of the Elven Halls
 47232 | Elf:1    | Noticed Jorgrun
 47241 | Elf:1    | Paralysed by an air elemental for 1 turns
 47249 | Orc:2    | Paralysed by an air elemental for 1 turns
 47278 | Orc:2    | Killed Jorgrun
 47305 | Orc:2    | Reached skill level 4 in Dodging
 47704 | Elf:1    | Reached skill level 5 in Dodging
 47974 | Elf:1    | Reached skill level 6 in Dodging
 48189 | Elf:1    | Paralysed by an air elemental for 1 turns
 48359 | Elf:1    | Reached skill level 7 in Dodging
 48870 | Elf:2    | Reached skill level 8 in Dodging
 48949 | Elf:2    | HP: 48/109 [+1 glaive of pain (17)]
 48955 | Elf:2    | HP: 39/109 [+1 glaive of pain (1)]
 49032 | Elf:2    | Identified the +3 leather armour "Amming" {rPois rC+++
                  | Str-4}
 49166 | Elf:2    | Reached XP level 20. HP: 104/114 MP: 31/31
 49277 | Elf:2    | Found a huge runed translucent gate.
 49277 | Elf:2    | Found a huge runed translucent gate.
 49277 | Elf:2    | Found a huge runed translucent gate.
 49283 | Elf:2    | Found a huge runed translucent gate.
 49283 | Elf:2    | Found a huge runed translucent gate.
 49318 | Elf:3    | Entered Level 3 of the Elven Halls
 49321 | Elf:3    | Paralysed by an air elemental for 1 turns
 49608 | Elf:3    | Reached skill level 9 in Dodging
 49777 | Elf:3    | Paralysed by an air elemental for 1 turns
 49836 | Elf:3    | Found a runed translucent gate.
 49838 | Elf:3    | Found a runed translucent gate.
 49975 | Elf:3    | Found a runed translucent gate.
 50004 | Elf:3    | Noticed holycorn's ghost (adept MiBe)
 50161 | Elf:3    | HP: 49/114 [deep elf sorcerer/bolt of acid (36)]
 50172 | Elf:3    | Identified the +1 lajatang "Bilux" {vorpal, rElec rPois
                  | Dex-4}
 50173 | Elf:3    | HP: 54/114 [deep elf high priest/divine providence (10)]
 50593 | Elf:3    | Identified the +5 chain mail of the Carpenter {Harm Rampage
                  | Regen+}
 50684 | Elf:3    | Found a viscous altar of Jiyva.
 50717 | Elf:3    | Identified the +11 spear "Duoptuhe" {holy, rN+ SInv}
 50878 | Elf:3    | Reached skill level 16 in Fighting
 50881 | Elf:3    | Identified the +0 plate armour "Ecec" {rPois Will- Str+4}
 51098 | Elf:3    | Identified the +4 quarterstaff "Rezon" {vamp, rCorr MP-9
                  | Str+8 SInv}
 51132 | Elf:3    | Reached skill level 10 in Dodging
 51232 | Elf:2    | HP: 54/108 [deep elf annihilator/crystal spear (32)]
 51312 | Elf:3    | Identified the +6 scale mail of Compression {rF+ MP+9}
 51456 | Elf:2    | Reached skill level 11 in Armour
 51682 | Elf:3    | Identified the ring "Kifromoli" {rF+ rN++ MP+9 Str-2
                  | Slay+2}
 52067 | Elf:3    | Learned a level 4 spell: Passage of Golubria
 52658 | Vaults:1 | Reached skill level 1 in Translocations
 53272 | Vaults:1 | Reached skill level 2 in Translocations
 53627 | Vaults:1 | Reached skill level 3 in Translocations
 53905 | Vaults:2 | Found Nayjuazu's Distillery.
 53917 | Vaults:2 | Bought a potion of resistance for 170 gold pieces
 54044 | Vaults:2 | Reached skill level 4 in Translocations
 54074 | Vaults:2 | HP: 55/114 [revenant] (6)]
 54412 | Vaults:1 | Reached skill level 12 in Armour
 54412 | Vaults:1 | Reached skill level 5 in Translocations
 54792 | Vaults:2 | Reached XP level 21. HP: 119/119 MP: 32/32
 54808 | Vaults:2 | Reached skill level 6 in Translocations
 54965 | Vaults:2 | HP: 53/119 [??? (21)]
 55037 | Vaults:2 | Reached skill level 7 in Translocations
 55038 | Vaults:2 | HP: 54/119 [orc knight/+0 long sword (10)]
 55044 | Vaults:2 | HP: 43/119 [orc warlord/+0 battleaxe of freezing (17)]
 55050 | Vaults:2 | HP: 56/119 [ironbound thunderhulk/bolt of lightning (5)]
 55055 | Vaults:2 | HP: 58/119 [ironbound preserver/+0 flail (4)]
 55064 | Vaults:1 | Reached skill level 13 in Invocations
 55405 | Vaults:2 | Found a staircase to the Crypt.
 55910 | Vaults:3 | Reached skill level 8 in Translocations
 56297 | Vaults:3 | Reached skill level 9 in Translocations
 56821 | Vaults:3 | Reached skill level 10 in Translocations
 56832 | Vaults:3 | Reached skill level 13 in Armour
 57179 | Vaults:3 | Reached skill level 14 in Invocations
 57724 | Vaults:4 | Reached skill level 11 in Translocations
 57731 | Vaults:4 | HP: 59/119 [ironbound convoker/+0 great mace (4)]
 57891 | Vaults:4 | Paralysed by a sphinx for 2 turns
 57987 | Vaults:3 | Reached XP level 22. HP: 74/124 MP: 33/33
 58118 | Vaults:4 | Reached skill level 12 in Translocations
 58881 | Vaults:4 | Identified the +1 pair of gloves of Honour {+Inv rPois rF+}
 59378 | Depths:1 | Entered Level 1 of the Depths
 59413 | D:15     | HP: 59/124 [poisoned by a spriggan rider]
 59418 | D:15     | HP: 55/124 [poisoned by a spriggan rider]
 59423 | D:15     | HP: 54/124 [poisoned by a spriggan rider]
 59498 | D:15     | Reached skill level 13 in Translocations
 59536 | Depths:1 | Noticed the Enchantress
 59543 | Depths:1 | Pacified the Enchantress
 59545 | Depths:1 | Reached skill level 15 in Invocations
 59722 | Depths:1 | Reached skill level 14 in Armour
 59966 | Depths:1 | You fall into a shaft and drop 1 floor!
 60095 | Depths:1 | HP: 59/121 [tengu reaver/bolt of acid (38)]
 60216 | Depths:1 | Reached skill level 14 in Translocations
 60258 | Depths:1 | Learned a level 3 spell: Lesser Beckoning
 60347 | Depths:1 | Found Big Baal Hell's Store.
 60372 | Depths:1 | Found a gateway to Hell.
 60597 | Depths:1 | Found a sacrificial altar of Ru.
 60612 | Depths:1 | Identified the +1 pair of gloves of Repulsion {rPois Int+7
                  | SInv Stlth-}
 60678 | Depths:2 | Found a one-way gateway to a ziggurat.
 60986 | Depths:2 | Noticed a golden dragon
 60998 | Depths:2 | Killed a golden dragon
 61125 | Depths:2 | Noticed a caustic shrike
 61135 | Depths:2 | Killed a caustic shrike
 61275 | Depths:2 | Identified the +1 chain mail "Zeompyt" {rF+ Will+ Regen+
                  | Int+4}
 61294 | Depths:2 | Noticed a golden dragon
 61305 | Depths:2 | Killed a golden dragon
 61403 | Depths:2 | Paralysed by a floating eye for 4 turns
 61405 | Depths:2 | HP: 60/124 [ettin/+1 dire flail of protection (19)]
 61408 | Depths:2 | HP: 19/124 [ettin/+1 dire flail of protection (19)]
 61438 | Depths:2 | Paralysed by a floating eye for 2 turns
 61527 | Depths:2 | Found a one-way gate leading to the halls of Pandemonium.
 61806 | Depths:2 | Reached skill level 16 in Invocations
 61879 | Depths:2 | Found a hide-covered altar of Uskayaw.
 62056 | Depths:3 | Reached XP level 23. HP: 121/128 MP: 36/36
 62407 | Depths:3 | Noticed a golden dragon
 62417 | Depths:3 | Noticed a caustic shrike
 62435 | Depths:3 | Killed a golden dragon
 62443 | Depths:3 | HP: 64/128 [caustic shrike (6)]
 62592 | Depths:3 | Found a runed translucent door.
 62594 | Depths:3 | Noticed a golden dragon
 62807 | Depths:3 | Noticed a caustic shrike
 62822 | Depths:3 | Killed a caustic shrike
 62982 | Depths:3 | Identified the +7 mace "Xoattu Wuig" {drain, rF+ Dex+8}
 63207 | Depths:3 | Killed a caustic shrike
 63208 | Depths:3 | Reached skill level 15 in Armour
 63220 | Depths:3 | Reached skill level 13 in Shields
 63232 | Depths:3 | Learned a level 3 spell: Portal Projectile
 63535 | Depths:3 | Noticed Frederick
 63562 | Depths:3 | Killed Frederick
 63618 | Depths:3 | Reached skill level 17 in Fighting
 63910 | Depths:3 | Killed a golden dragon
 63991 | Depths:4 | Entered Level 4 of the Depths
 64138 | Depths:4 | Noticed Louise
 64150 | Depths:4 | Killed Louise
 64290 | Depths:4 | Noticed Mennas
 64323 | Depths:4 | HP: 51/131 [Mennas/+5 eudemon blade of holy wrath (18)]
 64329 | Depths:4 | HP: 57/131 [Mennas/+5 eudemon blade of holy wrath (19)]
 64339 | Depths:4 | Killed Mennas
 64866 | Depths:4 | Noticed a golden dragon
 64887 | Depths:4 | Noticed a golden dragon
 64889 | Depths:4 | Found a gate to the Realm of Zot.
 64907 | Depths:3 | Killed a golden dragon
 64908 | Depths:3 | Reached skill level 17 in Invocations
 65055 | Depths:4 | Killed a golden dragon
 65203 | Depths:4 | Identified the +6 quarterstaff "Boicoun" {flame, rC+ rN+
                  | Int+2 Stlth+}
 65218 | Depths:4 | Found the +3 Mad Mage's Maulers {Infuse+∞ RegenMP Int-3}
 65367 | Depths:4 | Reached skill level 18 in Fighting
 65871 | Crypt:1  | Entered Level 1 of the Crypt
 66064 | Crypt:1  | Found a magical portal.
 66082 | WizLab   | Entered Yara's Duelist Academy
 66121 | WizLab   | Reached skill level 14 in Shields
 66141 | WizLab   | Reached XP level 24. HP: 133/138 MP: 36/36
 66407 | WizLab   | Identified the +0 leather armour of Nyhom {Harm rC+}
 66442 | WizLab   | Noticed Uklu
 66443 | WizLab   | Pacified Uklu the Head Instructor
 67094 | Crypt:1  | Noticed Zenata
 67378 | Crypt:1  | Noticed an ancient lich
 67388 | Crypt:1  | Killed an ancient lich
 67414 | Crypt:1  | Killed Zenata
 67415 | Crypt:1  | Reached skill level 19 in Fighting
 67772 | Crypt:2  | Noticed Sojobo
 67775 | Crypt:2  | Noticed Boris
 67809 | Crypt:2  | HP: 68/140 [tengu reaver/bolt of acid[Sojobo] (20)]
 68070 | Crypt:2  | HP: 55/137 [something/iron shot (60)]
 68110 | Crypt:2  | Killed Sojobo
 68111 | Crypt:2  | Reached skill level 18 in Invocations
 68120 | Crypt:2  | Killed Boris
 68341 | Crypt:2  | HP: 69/140 [something (13)]
 68568 | Crypt:2  | Noticed Saint Roka
 68577 | Crypt:2  | Killed Saint Roka
 68630 | Crypt:2  | Noticed Xtahua
 68650 | Crypt:2  | Killed Xtahua
 68651 | Crypt:2  | Reached skill level 15 in Shields
 69104 | Crypt:3  | Entered Level 3 of the Crypt
 69843 | Crypt:3  | Reached skill level 20 in Fighting
 70482 | Crypt:3  | Found a staircase to the Tomb.
 70513 | Crypt:3  | Reached skill level 19 in Invocations
 70513 | Crypt:3  | Reached XP level 25. HP: 147/147 MP: 8/37
 71720 | Crypt:3  | Found an ancient bone altar of Kikubaaqudgha.
 71775 | Crypt:3  | Noticed a dread lich
 71787 | Crypt:3  | Gained mutation: You are clumsy. (Dex -2) [a cacodemon]
 71792 | Crypt:3  | Killed a dread lich
 71900 | Crypt:3  | Noticed an ancient lich
 71927 | Crypt:3  | Killed an ancient lich
 71928 | Crypt:3  | Reached XP level 26. HP: 141/152 MP: 0/37
 71949 | Crypt:3  | Learned a level 2 spell: Blink
 73045 | Slime:1  | Entered Level 1 of the Pits of Slime
 73141 | Slime:2  | Reached skill level 8 in Spellcasting
 73793 | Snake:4  | Got a serpentine rune of Zot
 73840 | Snake:4  | Reached skill level 10 in Ranged Weapons
 74248 | Vaults:5 | Entered Level 5 of the Vaults
 74252 | Vaults:5 | Noticed a dread lich
 74335 | Vaults:5 | Noticed a dread lich
 74517 | Vaults:3 | Killed a dread lich
 74518 | Vaults:3 | Reached skill level 11 in Ranged Weapons
 74558 | Vaults:3 | Reached skill level 20 in Invocations
 74580 | Vaults:3 | Killed a dread lich
 74620 | Vaults:4 | Reached skill level 12 in Ranged Weapons
 74655 | Vaults:4 | HP: 75/150 [tengu reaver/bolt of negative energy (5)]
 74712 | Vaults:4 | HP: 75/152 [deep troll (11)]
 74893 | Vaults:5 | Reached skill level 13 in Ranged Weapons
 75222 | Vaults:5 | Reached skill level 14 in Ranged Weapons
 75605 | Vaults:5 | Reached skill level 15 in Ranged Weapons
 75613 | Vaults:5 | Identified the +7 scimitar "Teank" {flame, Int+2}
 75629 | Vaults:5 | HP: 64/152 [deep elf high priest/damnation (21)]
 75875 | Vaults:5 | Noticed a dread lich
 75927 | Vaults:5 | Killed a dread lich
 75932 | Vaults:5 | Reached XP level 27. HP: 154/156 MP: 38/38
 76079 | Vaults:5 | Identified the ring of Isestaeb {rF+ Dex+6}
 76224 | Vaults:5 | Got a silver rune of Zot
 76375 | Vaults:5 | Reached skill level 16 in Ranged Weapons
 76393 | Vaults:5 | Learned a level 5 spell: Manifold Assault
 77087 | Zot:1    | Entered Level 1 of the Realm of Zot
 77176 | Zot:1    | HP: 78/156 [poison (poison gas)]
 77181 | Zot:1    | HP: 66/156 [poison (poison gas)]
 77186 | Zot:1    | HP: 69/156 [poison (poison gas)]
 77527 | D:8      | Bought a scroll of blinking for 90 gold pieces
 77527 | D:8      | Bought a scroll of teleportation for 36 gold pieces
 77527 | D:8      | Bought a scroll of teleportation for 36 gold pieces
 77778 | Depths:1 | Bought the ring "Huptu" {rF+ rC++ rN+} for 3399 gold pieces
 77778 | Depths:1 | Bought the ring of Ephemeral Luck {rPois rF+ Str+3} for
                  | 2805 gold pieces
 78186 | Zot:1    | Found the amulet of the Four Winds {rN+ Will+++ Clar}
 78392 | Zot:1    | HP: 78/156 [yellow draconian/+0 halberd (7)]
 78398 | Zot:1    | HP: 78/156 [green draconian monk (3)]
 78406 | Zot:1    | HP: 77/156 [green draconian/+0 battleaxe (5)]
 78408 | Zot:1    | Reached skill level 21 in Unarmed Combat
 79184 | Zot:2    | Reached skill level 15 in Translocations
 79459 | Zot:2    | HP: 67/156 [purple draconian shifter/bolt of dispelling
                  | energy (29)]
 79822 | Zot:2    | Found the +0 mask of the Dragon {Will+ Slay+3 SInv}
 79995 | Zot:2    | Reached skill level 22 in Unarmed Combat
 80008 | Zot:2    | Found a transporter.
 80366 | Zot:2    | HP: 76/156 [something (5)]
 80375 | Zot:2    | HP: 77/156 [something (3)]
 80663 | Zot:2    | Reached skill level 23 in Unarmed Combat
 81034 | Zot:3    | HP: 77/156 [quicksilver dragon (14)]
 81856 | Zot:3    | HP: 78/156 [poisoned by a black draconian knight]
 82075 | Zot:4    | Reached skill level 24 in Unarmed Combat
 82096 | Zot:4    | Noticed Vv
 82138 | Zot:3    | HP: 76/156 [Vv (12)]
 82144 | Zot:3    | Killed Vv
 82828 | Zot:4    | Identified the +1 robe "Ycuyteh" {rN+}
 83452 | Zot:5    | Entered Level 5 of the Realm of Zot
 84006 | Zot:5    | Gained mutation: Your body sometimes deteriorates upon
                  | taking damage. [an orb of fire]
 84007 | Zot:5    | Noticed an orb of fire
 84008 | Zot:5    | Reached skill level 25 in Unarmed Combat
 84010 | Zot:5    | Gained mutation: You are frail. (-10% HP) [an orb of fire]
 84011 | Zot:5    | Gained mutation: A frigid envelope surrounds you and
                  | freezes all who hurt you. [an orb of fire]
 84047 | Zot:5    | Gained mutation: You are very clumsy. (Dex -4) [an orb of
                  | fire]
 84057 | Zot:5    | Killed an orb of fire
 84079 | Zot:5    | Lost mutation: Your body sometimes deteriorates upon taking
                  | damage. [potion of mutation]
 84079 | Zot:5    | Lost mutation: You are very clumsy. (Dex -4) [potion of
                  | mutation]
 84079 | Zot:5    | Lost mutation: You are frail. (-10% HP) [potion of
                  | mutation]
 84079 | Zot:5    | Gained mutation: You are partially covered in iridescent
                  | scales. (AC +2) [potion of mutation]
 84079 | Zot:5    | Gained mutation: You are frail. (-10% HP) [potion of
                  | mutation]
 84079 | Zot:5    | Gained mutation: You have large cloven feet. [potion of
                  | mutation]
 84080 | Zot:5    | Lost mutation: You are clumsy. (Dex -2) [potion of
                  | mutation]
 84080 | Zot:5    | Lost mutation: You are partially covered in iridescent
                  | scales. (AC +2) [potion of mutation]
 84080 | Zot:5    | Lost mutation: You are frail. (-10% HP) [potion of
                  | mutation]
 84080 | Zot:5    | Gained mutation: You are agile. (Dex +4, Str/Int -1)
                  | [potion of mutation]
 84080 | Zot:5    | Gained mutation: Your magical capacity is low. (-10% MP)
                  | [potion of mutation]
 84080 | Zot:5    | Gained mutation: You occasionally lose the ability to drink
                  | potions when taking damage. [potion of mutation]
 84081 | Zot:5    | Lost mutation: Your magical capacity is low. (-10% MP)
                  | [potion of mutation]
 84081 | Zot:5    | Lost mutation: A frigid envelope surrounds you and freezes
                  | all who hurt you. [potion of mutation]
 84081 | Zot:5    | Lost mutation: You occasionally lose the ability to drink
                  | potions when taking damage. [potion of mutation]
 84081 | Zot:5    | Gained mutation: Armour fits poorly on your strangely
                  | shaped body. [potion of mutation]
 84081 | Zot:5    | Gained mutation: You are weak. (Str -2) [potion of
                  | mutation]
 84081 | Zot:5    | Gained mutation: You passively map a small area around you.
                  | [potion of mutation]
 84082 | Zot:5    | Lost mutation: Armour fits poorly on your strangely shaped
                  | body. [potion of mutation]
 84082 | Zot:5    | Lost mutation: You are weak. (Str -2) [potion of mutation]
 84082 | Zot:5    | Gained mutation: Armour fits poorly on your strangely
                  | shaped body. [potion of mutation]
 84082 | Zot:5    | Gained mutation: You occasionally lose the ability to drink
                  | potions when taking damage. [potion of mutation]
 84082 | Zot:5    | Gained mutation: You are partially covered in iridescent
                  | scales. (AC +2) [potion of mutation]
 84464 | Snake:1  | Bought a potion of mutation for 120 gold pieces
 84560 | Shoals:2 | HP: 78/156 [sea snake simulacrum (7)]
 84821 | Shoals:2 | Lost mutation: You passively map a small area around you.
                  | [potion of mutation]
 84821 | Shoals:2 | Lost mutation: You have large cloven feet. [potion of
                  | mutation]
 84821 | Shoals:2 | Gained mutation: Your spells are a little easier to cast,
                  | but a little less powerful. [potion of mutation]
 84821 | Shoals:2 | Gained mutation: You occasionally lose the ability to read
                  | scrolls when taking damage. [potion of mutation]
 84821 | Shoals:2 | Lost mutation: Your spells are a little easier to cast, but
                  | a little less powerful. [potion of mutation]
 84821 | Shoals:2 | Gained mutation: You passively map a small area around you.
                  | [potion of mutation]
 84822 | Shoals:2 | Lost mutation: Armour fits poorly on your strangely shaped
                  | body. [potion of mutation]
 84822 | Shoals:2 | Lost mutation: You occasionally lose the ability to read
                  | scrolls when taking damage. [potion of mutation]
 84822 | Shoals:2 | Lost mutation: You are partially covered in iridescent
                  | scales. (AC +2) [potion of mutation]
 84822 | Shoals:2 | Gained mutation: You have supernaturally acute eyesight.
                  | (SInv) [potion of mutation]
 84822 | Shoals:2 | Gained mutation: You have a pair of small antennae on your
                  | head. [potion of mutation]
 84822 | Shoals:2 | Gained mutation: You heal very quickly. [potion of
                  | mutation]
 84822 | Shoals:2 | Gained mutation: You are partially covered in iridescent
                  | scales. (AC +2) [potion of mutation]
 85076 | Snake:3  | Identified the amulet "Wecadweclo" {Drain rElec rF++
                  | Regen+}
 85097 | Snake:3  | Identified the ring "Boucaske" {Wiz rC+ Will+ Int+4 Stlth+}
 85757 | Orc:2    | Bought a scroll of enchant armour for 120 gold pieces
 85757 | Orc:2    | Bought a scroll of butterflies for 64 gold pieces
 86011 | D:8      | Bought a scroll of enchant armour for 90 gold pieces
 87697 | Slime:4  | Gained mutation: Armour fits poorly on your strangely
                  | shaped body. [a shining eye]
 87707 | Slime:4  | Reached skill level 26 in Unarmed Combat
 87771 | Slime:5  | Entered Level 5 of the Pits of Slime
 88286 | Slime:5  | Found a viscous altar of Jiyva.
 88472 | Slime:5  | Noticed the Royal Jelly
 88485 | Slime:5  | Killed the Royal Jelly
 88493 | Slime:4  | HP: 69/156 [rockslime[the Royal Jelly] (15)]
 88498 | Slime:4  | HP: 76/156 [quicksilver ooze[the Royal Jelly] (2)]
 88676 | Slime:5  | Found the +8 arc blade {discharge, rElec}
 88677 | Slime:5  | Identified the +9 plate armour of Cibouvet {Int+6}
 88690 | Slime:5  | Identified the +5 flail "Vityich" {antimagic, Dex+5 SInv}
 88716 | Slime:5  | Identified the +5 halberd "Yduodeps" {chaos, Dex+5}
 88754 | Slime:5  | Got a slimy rune of Zot
 89250 | Zot:5    | Identified the +7 glaive "Ruiha" {flame, rF+ Dex+4}
 89308 | Zot:5    | Reached skill level 27 in Unarmed Combat
 89400 | Zot:5    | Lost mutation: You passively map a small area around you.
                  | [potion of mutation]
 89400 | Zot:5    | Lost mutation: You are partially covered in iridescent
                  | scales. (AC +2) [potion of mutation]
 89400 | Zot:5    | Lost mutation: You have a pair of small antennae on your
                  | head. [potion of mutation]
 89400 | Zot:5    | Lost mutation: You are agile. (Dex +4, Str/Int -1) [potion
                  | of mutation]
 89400 | Zot:5    | Gained mutation: Your spells are a little easier to cast,
                  | but a little less powerful. [potion of mutation]
 89418 | Zot:5    | Lost mutation: You have supernaturally acute eyesight.
                  | (SInv) [potion of mutation]
 89418 | Zot:5    | Lost mutation: Armour fits poorly on your strangely shaped
                  | body. [potion of mutation]
 89418 | Zot:5    | Lost mutation: You heal very quickly. [potion of mutation]
 89418 | Zot:5    | Lost mutation: Your spells are a little easier to cast, but
                  | a little less powerful. [potion of mutation]
 89458 | Zot:5    | Noticed an orb of fire
 89474 | Zot:5    | Killed an orb of fire
 89482 | Zot:5    | Noticed an orb of fire
 89495 | Zot:5    | Noticed an orb of fire
 89514 | Zot:5    | Killed an orb of fire
 89524 | Zot:5    | Killed an orb of fire
 89602 | Zot:5    | Reached skill level 16 in Armour
 89679 | Zot:5    | Noticed an orb of fire
 89702 | Zot:5    | Killed an orb of fire
 89832 | Zot:5    | HP: 77/155 [something (5)]
 89930 | Zot:5    | Noticed an orb of fire
 89934 | Zot:5    | Gained mutation: You are frail. (-10% HP) [an orb of fire]
 89949 | Zot:5    | Killed an orb of fire
 89961 | Zot:5    | Reached skill level 17 in Armour
 89989 | Zot:5    | Noticed an orb of fire
 89996 | Zot:5    | Killed an orb of fire
 89999 | Zot:5    | Noticed an orb of fire
 90007 | Zot:5    | Lost mutation: You occasionally lose the ability to drink
                  | potions when taking damage. [an orb of fire]
 90016 | Zot:5    | Killed an orb of fire
 90061 | Zot:5    | Got the Orb of Zot
 90445 | D:11     | Noticed a seraph
 90455 | D:11     | Killed a seraph
 90720 | D:$      | Escaped with the Orb!

Illustrated notes

Levels and vault maps discovered:
D:1:      minmay_arrival_cross, layout_basic,
          ebering_ecumenical_altar_sacrificial
D:2:      layout_basic, uniq_terence
D:3:      layout_basic, gammafunk_ghost_gnarly_gnolls,
          minmay_stone_trees_medium, uniq_sigmund, uniq_ijyb, uniq_natasha,
          uniq_robin
D:4:      layout_basic
D:5:      layout_gridville, serial_shops, nicolae_shop_crystal,
          minmay_misc_feat_cross, uniq_menkaure
D:6:      layout_basic, gammafunk_temple_overflow_wave,
          regret_index_temple_of_mockery, minmay_temple_entry_tees, minivault_14
D:7:      layout_basic, serial_demonic, serial_demonic_d, serial_demonic_g,
          serial_demonic_e, serial_demonic_e, serial_demonic_c,
          serial_demonic_e, serial_demonic_g, serial_demonic_g,
          serial_demonic_c, serial_demonic_b, uniq_joseph, uniq_maggie
D:8:      layout_basic, grunt_temple_overflow_gold_and_silver,
          mainiacjoe_overflow_six_doors_small, serial_shops,
          nicolae_inconvenience_store
D:9:      layout_basic, old_standard_altar, ebering_ghost_gozag,
          corexii_checkpoint_a
D:10:     layout_roguey, minmay_misc_feat_columns, minivault_19
D:11:     cheibrodos_frozen_isle, layout_gridville, dpeg_lair_monsters,
          erik_orc_1, portal_ice_cave_entry_pillars_2, serial_ice, serial_ice_f,
          serial_ice_c, serial_ice_g, serial_ice_k, serial_ice_a, serial_ice_d,
          serial_ice_n, serial_ice_b, serial_bayou_ford_a, uniq_sonja
D:12:     layout_cave_pools, minmay_shop_grid_forest, beargit_elvish_explorers
D:13:     layout_loops_ring, erik_vaults_1, st_stairs_4,
          lemuel_zombie_altar_kikubaaqudgha
D:14:     layout_rooms
D:15:     gammafunk_depths_entry_grave, layout_basic,
          minmay_misc_feat_nine_boxes
Temple:   zaba_magenta_temple
Lair:1:   layout_cave_pods, beast_lair_carwin_10
Lair:2:   layout_regular_city, elwin_shoals_entry_rooms, basic_altar,
          amcnicky_altar_lugonu_corruption, uniq_nergalle, uniq_fannar,
          uniq_erica
Lair:3:   layout_hall_layers, lemuel_fruit_fields, uniq_josephine
Lair:4:   lemuel_slime, layout_cave_pods, ebering_ghost_rock_garden
Lair:5:   guppyfry_lair_end_dragon, layout_regular_city, wormcave,
          slime_entry_2, nicolae_lair_grazing_beasts
          [nicolae_sub_lair_graze_edge, nicolae_sub_lair_graze_edge,
          nicolae_sub_lair_graze_edge, nicolae_sub_lair_graze_edge]
Shoals:1: layout_shoals, ebering_ghost_disaster_area,
          nicolae_shop_overcharged_wands, uniq_aizul
Shoals:2: layout_shoals, nicolae_shoals_beach_cooler, uniq_polyphemus
Shoals:3: cheibrodos_shoals_roost, layout_shoals
Shoals:4: shoals_end_simple, layout_shoals, uniq_donald
Snake:1:  layout_layer_cave, grunt_ministairs_3, minmay_shoptagon,
          serial_bayou_shore_b, grunt_megastairs_2
Snake:2:  layout_misc_corridors, basic_altar, minmay_shop_star
Snake:3:  gammafunk_its_a_trap, layout_misc_corridors
Snake:4:  hellmonk_snake_rune_quicksilver_temple, layout_onion_interference,
          basic_altar, serial_bayou_lagoon_a, grunt_ministairs_5,
          grunt_megastairs_3
Slime:1:  layout_caves
Slime:2:  cheibrodos_slime_lost_civilization_9, layout_caves
Slime:3:  layout_caves
Slime:4:  layout_caves
Slime:5
Orc:1:    layout_caves, ebering_ghost_xom, nicolae_specific_store,
          nicolae_orc_stony_grotto, uniq_maurice
Orc:2:    grunt_orc_tribal_feast, layout_caves, enter_volcano_2
Elf:1:    eino_elf_arrival_the_gate, layout_loops_corners,
          hangedman_elven_crosses_minicolossus, uniq_jorgrun
Elf:2:    elven_hall_of_blades_hangedman_alternative [mumra_blade_entry_dagger],
          layout_onion_city
Elf:3:    minmay_elf_hall_x, layout_loops_ring, gammafunk_ghost_ooze
Vaults:1: ontoclasm_vaults_chip, st_star, v_misc_33,
          nicolae_vaults_puzzle_piece, vaults_mumra_chevron, v_misc_26,
          v_misc_29, layout_vaults_omnigrid
Vaults:2: v_misc_12, nicolae_vaults_network_periphery, v_misc_3,
          nicolae_vaults_circle_grid_b, vaults_mumra_hexcomb,
          nicolae_vaults_network_quincunx
          [nicolae_vaults_network_quincunx_subvault,
          nicolae_vaults_network_quincunx_subvault,
          nicolae_vaults_network_quincunx_subvault,
          nicolae_vaults_network_quincunx_subvault,
          nicolae_vaults_network_quincunx_subvault], hangedman_vaults_nodes,
          minmay_crypt_entry_simple_plaza, vaults_dpeg_spiral,
          ontoclasm_vaults_ring_square, ontoclasm_vaults_gateway,
          layout_vaults_omnibox, serial_shops, shop
Vaults:3: ontoclasm_vaults_pinch, hangedman_vaults_nails, vaults_room_grid,
          v_misc_11, nicolae_vaults_specimen_jars, hangedman_vaults_trim,
          nicolae_vaults_little_squares_6, v_misc_3, vaults_room_door_hall,
          v_misc_29, ontoclasm_vaults_hangar, layout_vaults_big_room
Vaults:4: vaults_room_door_hall, vaults_room_grid, nicolae_vaults_display_case,
          nicolae_vaults_big_ls, nicolae_vaults_network_square,
          nicolae_vaults_ninety_degrees, v_misc_24, vaults_mumra_hex, v_misc_19,
          v_misc_4, serial_ice_g, layout_vaults_big_cross
Vaults:5
Crypt:1:  layout_rooms, mu_enter_wizlab_2, st_stairs_11, eino_tiny_chamber,
          hex_intersection, weyrava_lich_vault, grunt_crypt_arrival_webbed,
          uniq_zenata
Crypt:2:  layout_gridlike, lemuel_elevator, uniq_saint_roka, uniq_sojobo,
          uniq_boris, uniq_xtahua
Crypt:3:  quadcrypt_mu, uniq_josephina
Depths:1: layout_cave_pools, nicolae_hell_entry_big_baal_hell,
          hellmonk_bongcloud_opening, nicolae_ru_the_path_less_chosen,
          uniq_enchantress
Depths:2: minmay_tearing_corner, layout_basic, enter_ziggurat_c, hell_entry,
          pan_entry, hangedman_abyss_or_decor_passed, nicolae_uskayaw_en_pointe
Depths:3: minmay_the_grid_triangle_9x9_rhombus_full
          [minmay_the_grid_triangle_9x9_checkered,
          minmay_the_grid_triangle_9x9_subtriangle,
          minmay_the_grid_triangle_9x9_thin_v,
          minmay_the_grid_triangle_9x9_empty,
          minmay_the_grid_triangle_9x9_pentomino_pain,
          minmay_the_grid_triangle_9x9_stretched_checkered,
          minmay_the_grid_triangle_9x9_cache,
          minmay_the_grid_triangle_9x9_prize_schism], layout_basic,
          serial_sigils, serial_sigils_hangedman_carve,
          serial_sigils_hangedman_writhe, serial_sigils_hangedman_gut,
          serial_sigils_hangedman_quiver, minmay_staircase_statues, hell_entry,
          abyss_entry_small_statue_room, uniq_frederick
Depths:4: grunt_crosshair, layout_honeycomb, pf_vacation_house_of_asmodeus,
          nicolae_abyss_entry_one_way_or_another, fountainhead, uniq_mennas
Zot:1:    layout_onion, grunt_ministairs_2, hangedman_zot_diagonal_lockstep
Zot:2:    lemuel_halls_of_wrath, layout_gridlike,
          chequers_guarded_unrand_mask_of_the_dragon
Zot:3:    kennysheep_ambush_hall, layout_basic, bh_zot_ikea_curve
Zot:4:    layout_cathedral_of_symmetry, uniq_vv
Zot:5:    layout_cathedral_of_symmetry, st_stairs_1,
          hangedman_zot_decor_tridents

Skill      XL: |  1  2  3  4  5  6  7  8  9 10 11 12 13 14 15 16 17 18 19 20 21 22 23 24 25 26 27 |
---------------+----------------------------------------------------------------------------------+-----
Unarmed Combat | 1 2 3 5 6 8 10 11 13 16 18 19 20 27 | 27.0
Ranged Weapons | 2 3 4 7 9 15 16 | 16.0
Fighting       | 2 4 6 8 9 10 12 14 15 16 18 20 | 20.1
Armour         | 1 3 5 7 9 10 12 13 14 15 17 | 17.7
Invocations    | 2 4 6 8 10 12 14 16 17 19 20 | 20.0
Shields        | 1 4 7 10 11 12 14 15 | 15.0
Spellcasting   | 2 7 8 |  8.6
Dodging        | 8 10 | 10.0
Translocations | 5 11 14 15 | 15.0
Hexes          | |  3.0

Action                   |  1- 3 |  4- 6 |  7- 9 | 10-12 | 13-15 | 16-18 | 19-21 | 22-24 | 25-27 || total
-------------------------+-------+-------+-------+-------+-------+-------+-------+-------+-------++-------
Melee: Unarmed           |    21 |   161 |   278 |   738 |  1851 |  1739 |  1668 |  2179 |  2838 || 11473
       Bite              |     5 |    50 |    93 |   305 |   910 |   736 |   808 |  1167 |  1417 ||  5491
       Short sword       |    10 |       |       |       |       |       |       |       |       ||    10
       Kick              |     3 |     8 |     2 |    15 |    20 |       |       |       |       ||    48
       Punch             |       |     5 |    19 |    73 |    38 |       |       |       |       ||   135
       Headbutt          |       |     4 |     4 |     7 |     5 |       |       |       |       ||    20
       Scimitar          |       |       |       |       |    14 |       |       |       |       ||    14
 Fire: Sling             |    69 |    66 |   132 |   147 |   139 |       |       |     2 |       ||   555
       Hand crossbow     |       |       |       |       |       |       |       |       |   205 ||   205
Throw: Dart              |       |       |     5 |     5 |    36 |     4 |       |       |       ||    50
 Cast: Slow              |     7 |    22 |    73 |   110 |    46 |       |       |       |       ||   258
       Beastly Appendage |     1 |     5 |     2 |     5 |     7 |       |       |       |       ||    20
       Lesser Beckoning  |       |       |       |       |       |       |       |     1 |    53 ||    54
       Passage of Golubr |       |       |       |       |       |       |       |    10 |    36 ||    46
       Blink             |       |       |       |       |       |       |       |       |     8 ||     8
       Manifold Assault  |       |       |       |       |       |       |       |       |   118 ||   118
Invok: Heal Other        |       |       |       |       |     8 |     8 |     3 |     4 |     2 ||    25
       Heal Self         |       |       |       |       |     1 |    13 |    17 |    10 |    22 ||    63
       Divine Vigour     |       |       |       |       |       |     2 |       |       |       ||     2
Evoke: Wand              |       |       |     5 |     1 |    40 |     3 |       |     1 |       ||    50
       Phantom mirror    |       |       |       |       |     2 |     1 |     2 |       |       ||     5
  Use: Scroll            |       |     1 |     7 |    10 |    15 |    11 |    11 |     6 |    38 ||    99
       Potion            |       |       |       |     1 |     2 |     8 |     7 |     4 |    14 ||    36
 Stab: Paralysed         |       |       |       |     5 |     4 |       |       |       |       ||     9
       Distracted        |       |       |       |       |     1 |       |       |     1 |     1 ||     3
       Invisible         |       |       |       |       |       |     8 |     2 |       |       ||    10
       Petrified         |       |       |       |       |       |     8 |       |       |       ||     8
       Sleeping          |       |       |       |       |       |     2 |       |       |       ||     2
Armor: Robe              |     6 |       |       |       |       |       |       |       |       ||     6
       Ring mail         |       |    64 |    74 |       |       |       |       |       |       ||   138
       Swamp dragon scal |       |       |    77 |   277 |   651 |   572 |   179 |       |       ||  1756
       Fire dragon scale |       |       |     5 |       |       |       |       |       |       ||     5
       Troll leather arm |       |       |       |    76 |    74 |       |       |       |       ||   150
       Plate armour      |       |       |       |       |       |       |   379 |   235 |   251 ||   865
       Chain mail        |       |       |       |       |       |       |       |   585 |   902 ||  1487
Dodge: Dodged            |    34 |    90 |   181 |   337 |   600 |   438 |   372 |   473 |   745 ||  3270
Block: Kite shield       |       |       |       |       |   899 |  1339 |  1171 |  1454 |  1985 ||  6848
       Reflection        |       |       |       |       |       |   114 |    95 |    21 |    44 ||   274
